Workbook

Sheet ЛС-07-01-01
A1: =Source!B1 -> Smeta.RU (495) 974-1589
K2: Форма № 4б
A3: 25МГ-ДПР-2750 — Реконструкция газопровода низкого давления. Благоустройство и озеленение: восстановление газона | AP3: 25МГ-ДПР-2750 — Реконструкция газопровода низкого давления. Благоустройство и озеленение: восстановление газона
A4: (наименование стройки и/или объекта)
A6: =CONCATENATE( "ЛОКАЛЬНАЯ СМЕТА № " ,IF(Source!F12<>"Новый объект", Source!F12, "")) -> ЛОКАЛЬНАЯ СМЕТА № ЛС-07-01-01
A9: (наименование работ и затрат)
A11: =CONCATENATE( "Основание: чертежи № " , Source!J12) -> Основание: чертежи № Том 6.2 ООС2, Том 6.3 ООС3 (18.09)
I13: В базисном уровне цен | J13: В текущем уровне цен
E14: Сметная стоимость | I14: =I15+I16+I17+I18 -> 105.64 | J14: =J15+J16+J17+J18 -> 3256.9 | K14: тыс.руб.
E15: Строительные работы | I15: =ROUND((Source!F116)/1000, 2) -> 105.64 | J15: =ROUND((Source!P116)/1000, 2) -> 3256.9 | K15: тыс.руб.
E16: Работы по монтажу оборудования | I16: =ROUND((Source!F117)/1000, 2) -> 0 | J16: =ROUND((Source!P117)/1000, 2) -> 0 | K16: тыс.руб.
E17: Оборудование | I17: =ROUND((Source!F108)/1000, 2) -> 0 | J17: =ROUND((Source!P108)/1000, 2) -> 0 | K17: тыс.руб.
E18: Прочие работы и затраты | I18: =ROUND((Source!F118+Source!F119)/1000, 2) -> 0 | J18: =ROUND((Source!P118+Source!P119)/1000, 2) -> 0 | K18: тыс.руб.
E19: Средства на оплату труда | I19: =(Source!F114+ Source!F113)/1000 -> 19.14272 | J19: =((Source!P114 + Source!P113)/1000) -> 1105.6835 | K19: тыс.руб.
E20: Затраты труда | I20: =Source!F121 -> 1817.4276 | K20: чел.-ч.
E21: Кроме того:
E22: Возврат материалов | I22: =SUM(Y1:Y87)/1000 -> 0 | J22: =SUM(Z1:Z87)/1000 -> 0 | K22: тыс.руб.
A24: Составлен(а) по ТСН-2001 с учетом Дополнения №: 82
A25: № и период сборника коэффициентов (индексов) пересчета: Текущий уровень цен, III квартал 2026, выпуск 221 | AP25: № и период сборника коэффициентов (индексов) пересчета: Текущий уровень цен, III квартал 2026, выпуск 221
A26: № п/п | B26: Шифр расценки и коды ресурсов | C26: Наименование работ и затрат | D26: Ед. изм. | E26: Кол-во единиц | F26: Цена на ед. изм., руб. | G26: Попра- вочные коэффи- циенты | H26: Коэффи- циенты зимних удорожа- ний | I26: Всего в ценах на Январь 2000 года, руб. | J26: Коэффи- циенты (индек- сы) пере- счета, нормы НР и СП | K26: ВСЕГО затрат в текущем уровне цен, руб.
A27: 1 | B27: 2 | C27: 3 | D27: 4 | E27: 5 | F27: 6 | G27: 7 | H27: 8 | I27: 9 | J27: 10 | K27: 11
A29: =CONCATENATE("Локальная смета: ",IF(Source!G20<>"Новая локальная смета", Source!G20, "")) -> Локальная смета: Благоустройство и озеленение: восстановление газона
A31: =CONCATENATE("Раздел: ",IF(Source!G24<>"Новый раздел", Source!G24, "")) -> Раздел: Восстановление газона
A32: 1 | B32: =Source!F28 -> 3.47-26-6 | C32: Посев газонов партерных, мавританских, и обыкновенных вручную | D32: =Source!H28 -> 100 м2 | E32: =Source!I28 -> 43.589 | Q32: =Source!X28 -> 3010.15 | R32: =Source!X29 -> 173866.4 | S32: =Source!Y28 -> 1974.4 | T32: =Source!Y29 -> 114041.4 | U32: =ROUND((175/100)*ROUND(Source!R28, 2), 2) -> 0 | V32: =ROUND((0/100)*ROUND(Source!R29, 2), 2) -> 0 | AC32: 0
C33: ="Объем: "&Source!I28&"=4358,9/"&"100" -> Объем: 43,589=4358,9/100
C34: ЗП | F34: =Source!AO28 -> 58.7 | G34: 1,1*1,15 | H34: =Source!AV29 -> 1 | I34: =Source!S28 -> 3236.72 | J34: =IF(Source!BA29<> 0, Source!BA29, 1) -> 57.76 | K34: =Source!S29 -> 186953.12
C35: МР | F35: =Source!AL28 -> 70.7 | H35: =Source!AW29 -> 1 | I35: =Source!P28 -> 3081.74 | J35: =IF(Source!BC29<> 0, Source!BC29, 1) -> 7.75 | K35: =Source!P29 -> 23883.5
C36: НР от ФОТ | D36: % | E36: =Source!DN29 -> 93 | I36: =SUM(Q32:Q35) -> 3010.15 | J36: =Source!BZ29 -> 93 | K36: =SUM(R32:R35) -> 173866.4
C37: СП от ФОТ | D37: % | E37: =Source!DO29 -> 61 | I37: =SUM(S32:S36) -> 1974.4 | J37: =Source!CA29 -> 61 | K37: =SUM(T32:T36) -> 114041.4
C38: ЗТР | D38: чел-ч | E38: =Source!AQ28 -> 5.25 | G38: 1,1*1,15 | H38: =Source!AV29 -> 1 | I38: =Source!U28 -> 289.48545
C39: ВСЕГО работ по позиции: | H39: =I34+I35+I36+I37+0-0-0 -> 11303.01 | J39: =K34+K35+K36+K37+0-0-0 -> 498744.42
C40: ВСЕГО оборудование по позиции: | H40: =0+0 -> 0 | J40: =0+0 -> 0
C41: ВСЕГО по позиции: | H41: =I34+I35+I36+I37+0 -> 11303.01 | J41: =K34+K35+K36+K37+0 -> 498744.42 | O41: =I34+I35+I36+I37+0 -> 11303.01 | P41: =K34+K35+K36+K37+0 -> 498744.42
A43: 2 | B43: =Source!F30 -> 1.4-6-6 | C43: Семена (смесь универсальная) газонных трав | D43: =Source!H30 -> кг | E43: =Source!I30 -> 174.356 | Q43: =Source!X30 -> 0 | R43: =Source!X31 -> 0 | S43: =Source!Y30 -> 0 | T43: =Source!Y31 -> 0 | U43: =ROUND((175/100)*ROUND(Source!R30, 2), 2) -> 0 | V43: =ROUND((0/100)*ROUND(Source!R31, 2), 2) -> 0 | AC43: 0
C44: МР | F44: =Source!AL30 -> 57.91 | H44: =Source!AW31 -> 1 | I44: =Source!P30 -> 10096.96 | J44: =IF(Source!BC31<> 0, Source!BC31, 1) -> 3.45 | K44: =Source!P31 -> 34834.5
C45: ВСЕГО работ по позиции: | H45: =I44+0-0-0 -> 10096.96 | J45: =K44+0-0-0 -> 34834.5
C46: ВСЕГО оборудование по позиции: | H46: =0+0 -> 0 | J46: =0+0 -> 0
C47: ВСЕГО по позиции: | H47: =I44+0 -> 10096.96 | J47: =K44+0 -> 34834.5 | O47: =I44+0 -> 10096.96 | P47: =K44+0 -> 34834.5
A49: 3 | B49: =Source!F32 -> 3.47-26-4 | C49: Подготовка почвы для устройства партерного и обыкновенного газонов с внесением растительной земли слоем 15 см вручную | D49: =Source!H32 -> 100 м2 | E49: =Source!I32 -> 34.98 | Q49: =Source!X32 -> 17135.79 | R49: =Source!X33 -> 989762.93 | S49: =Source!Y32 -> 11239.6 | T49: =Source!Y33 -> 649199.34 | U49: =ROUND((175/100)*ROUND(Source!R32, 2), 2) -> 0 | V49: =ROUND((0/100)*ROUND(Source!R33, 2), 2) -> 0 | AC49: 0
C50: ="Объем: "&Source!I32&"=3498/"&"100" -> Объем: 34,98=3498/100
C51: ЗП | F51: =Source!AO32 -> 416.4 | G51: 1,1*1,15 | H51: =Source!AV33 -> 1 | I51: =Source!S32 -> 18425.58 | J51: =IF(Source!BA33<> 0, Source!BA33, 1) -> 57.76 | K51: =Source!S33 -> 1064261.2
C52: НР от ФОТ | D52: % | E52: =Source!DN33 -> 93 | I52: =SUM(Q49:Q51) -> 17135.79 | J52: =Source!BZ33 -> 93 | K52: =SUM(R49:R51) -> 989762.93
C53: СП от ФОТ | D53: % | E53: =Source!DO33 -> 61 | I53: =SUM(S49:S52) -> 11239.6 | J53: =Source!CA33 -> 61 | K53: =SUM(T49:T52) -> 649199.34
C54: ЗТР | D54: чел-ч | E54: =Source!AQ32 -> 40 | G54: 1,1*1,15 | H54: =Source!AV33 -> 1 | I54: =Source!U32 -> 1769.988
C55: ВСЕГО работ по позиции: | H55: =I51+I52+I53+0-0-0 -> 46800.97 | J55: =K51+K52+K53+0-0-0 -> 2703223.5
C56: ВСЕГО оборудование по позиции: | H56: =0+0 -> 0 | J56: =0+0 -> 0
C57: ВСЕГО по позиции: | H57: =I51+I52+I53+0 -> 46800.97 | J57: =K51+K52+K53+0 -> 2703223.5 | O57: =I51+I52+I53+0 -> 46800.97 | P57: =K51+K52+K53+0 -> 2703223.5
A59: 4 | B59: =Source!F34 -> 3.47-26-5 | C59: Подготовка почвы для устройства партерного и обыкновенного газонов на каждые 5 см изменения толщины слоя добавлять или исключать | D59: =Source!H34 -> 100 м2 | E59: =Source!I34 -> -34.98 | Q59: =Source!X34 -> -2343.21 | R59: =Source!X35 -> -135343.66 | S59: =Source!Y34 -> -1536.94 | T59: =Source!Y35 -> -88773.8 | U59: =ROUND((175/100)*ROUND(Source!R34, 2), 2) -> 0 | V59: =ROUND((0/100)*ROUND(Source!R35, 2), 2) -> 0 | AC59: 0
C60: ="Объем: "&Source!I34&"=-"&"3498/"&"100" -> Объем: -34,98=-3498/100
C61: ЗП | F61: =Source!AO34 -> 56.94 | G61: 1,1*1,15 | H61: =Source!AV35 -> 1 | I61: =Source!S34 -> -2519.58 | J61: =IF(Source!BA35<> 0, Source!BA35, 1) -> 57.76 | K61: =Source!S35 -> -145530.82
C62: НР от ФОТ | D62: % | E62: =Source!DN35 -> 93 | I62: =SUM(Q59:Q61) -> -2343.21 | J62: =Source!BZ35 -> 93 | K62: =SUM(R59:R61) -> -135343.66
C63: СП от ФОТ | D63: % | E63: =Source!DO35 -> 61 | I63: =SUM(S59:S62) -> -1536.94 | J63: =Source!CA35 -> 61 | K63: =SUM(T59:T62) -> -88773.8
C64: ЗТР | D64: чел-ч | E64: =Source!AQ34 -> 5.47 | G64: 1,1*1,15 | H64: =Source!AV35 -> 1 | I64: =Source!U34 -> -242.04586
C65: ВСЕГО работ по позиции: | H65: =I61+I62+I63+0-0-0 -> -6399.73 | J65: =K61+K62+K63+0-0-0 -> -369648.28
C66: ВСЕГО оборудование по позиции: | H66: =0+0 -> 0 | J66: =0+0 -> 0
C67: ВСЕГО по позиции: | H67: =I61+I62+I63+0 -> -6399.73 | J67: =K61+K62+K63+0 -> -369648.28 | O67: =I61+I62+I63+0 -> -6399.73 | P67: =K61+K62+K63+0 -> -369648.28
A69: 5 | B69: =Source!F36 -> 1.4-6-1 | C69: Земля растительная | D69: =Source!H36 -> м3 | E69: =Source!I36 -> 349.8 | Q69: =Source!X36 -> 0 | R69: =Source!X37 -> 0 | S69: =Source!Y36 -> 0 | T69: =Source!Y37 -> 0 | U69: =ROUND((175/100)*ROUND(Source!R36, 2), 2) -> 0 | V69: =ROUND((0/100)*ROUND(Source!R37, 2), 2) -> 0 | AC69: 0
C70: МР | F70: =Source!AL36 -> 125.33 | H70: =Source!AW37 -> 1 | I70: =Source!P36 -> 43840.43 | J70: =IF(Source!BC37<> 0, Source!BC37, 1) -> 8.89 | K70: =Source!P37 -> 389741.46
C71: ВСЕГО работ по позиции: | H71: =I70+0-0-0 -> 43840.43 | J71: =K70+0-0-0 -> 389741.46
C72: ВСЕГО оборудование по позиции: | H72: =0+0 -> 0 | J72: =0+0 -> 0
C73: ВСЕГО по позиции: | H73: =I70+0 -> 43840.43 | J73: =K70+0 -> 389741.46 | O73: =I70+0 -> 43840.43 | P73: =K70+0 -> 389741.46
A76: =CONCATENATE("Итого по разделу: ",IF(Source!G39<>"Новый раздел", Source!G39, "")) -> Итого по разделу: Восстановление газона | I76: =SUM(O31:O75) -> 105641.64 | J76: =SUM(P31:P75) -> 3256895.6
A77: Итого по ТСН-2001.16 | I77: =SUM(W31:W76) -> 0 | J77: =SUM(X31:X76) -> 0
A78: Итого возвратных сумм | I78: =SUM(Y31:Y77) -> 0 | J78: =SUM(Z31:Z77) -> 0
A80: =CONCATENATE("Итого по локальной смете: ",IF(Source!G69<>"Новая локальная смета", Source!G69, "")) -> Итого по локальной смете: Благоустройство и озеленение: восстановление газона | I80: =SUM(O29:O79) -> 105641.64 | J80: =SUM(P29:P79) -> 3256895.6 | AQ80: =CONCATENATE("Итого по локальной смете: ",IF(Source!G69<>"Новая локальная смета", Source!G69, "")) -> Итого по локальной смете: Благоустройство и озеленение: восстановление газона
A81: Итого по ТСН-2001.16 | I81: =SUM(W29:W80) -> 0 | J81: =SUM(X29:X80) -> 0
A82: Итого возвратных сумм | I82: =SUM(Y29:Y81) -> 0 | J82: =SUM(Z29:Z81) -> 0
C83: =Source!H79 -> Стоимость оборудования заказчика | H83: =Source!F79 -> 0 | J83: =Source!P79 -> 0
A85: =CONCATENATE("Итого по смете: ",IF(Source!G99<>"Новый объект", Source!G99, "")) -> Итого по смете: Благоустройство и озеленение: восстановление газона | I85: =SUM(O1:O84) -> 105641.64 | J85: =SUM(P1:P84) -> 3256895.6
A86: Итого по ТСН-2001.16 | I86: =SUM(W1:W85) -> 0 | J86: =SUM(X1:X85) -> 0
A87: Итого возвратных сумм | I87: =SUM(Y1:Y86) -> 0 | J87: =SUM(Z1:Z86) -> 0
A90: Составил | C90: =IF(Source!AC12<>"", Source!AC12," ") | H90: =IF(Source!AB12<>"", Source!AB12," ")
C91: (должность, подпись, инициалы, фамилия)
A93: Проверил | C93: =IF(Source!AE12<>"", Source!AE12," ") | H93: =IF(Source!AD12<>"", Source!AD12," ")
C94: (должность, подпись, инициалы, фамилия)

Sheet Source
A1: 0 | B1: Smeta.RU (495) 974-1589 | D1: _PS_ | F1: 0 | G1: 0 | H1: 0 | I1: Smeta.RU | K1: 1 | L1: 76812 | M1: 10 | N1: 12 | O1: 2 | P1: 0 | Q1: 1
A4: 8 | B4: 1 | C4: -1 | F4: 25МГ-ДПР-2750 | G4: 25МГ-ДПР-2750 — Реконструкция газопровода низкого давления | EC4: 0
A12: 1 | B12: 134 | C12: 0 | D12: =ROW(A99) -> 99 | E12: 0 | F12: ЛС-07-01-01 | G12: Благоустройство и озеленение: восстановление газона | I12: 0 | J12: Том 6.2 ООС2, Том 6.3 ООС3 (18.09) | K12: 0 | L12: 0 | M12: 2 | O12: 2026 | P12: 7 | Q12: 0 | R12: 0 | S12: 0 | T12: 1 | U12: Основание:Том 6.2 ООС2, Том 6.3 ООС3 (18.09) Уровень цен:3 кв 2026 Нормативные индексы ТСН:№ 221 III квартал 2026 Регион:ТСН-2001 г. Москвы (с доп.1-82) | V12: 7 | BB12: 0 | BH12: Сметные нормы списания | BI12: Коды ОКП для ТСН-2001 МГЭ | BJ12: 1 | BK12: 1 | BL12: 0 | BM12: 0 | BN12: 1 | BO12: 0 | BP12: -1 | BQ12: 2 | BR12: 1 | BS12: 0 | BT12: 0 | BU12: 0 | BV12: 0 | BW12: 0 | BX12: 0 | BZ12: Типовой расчет для ТСН-2001 МГЭ, Новая методика с выпуска доп. 43 (Строительство), Доп 64 | CA12: Территориальные сметные нормативы для Москвы ТСН-2001 (МГЭ) | CB12: Территориальные сметные нормативы для Москвы ТСН-2001 (МГЭ) | CC12: Территориальные сметные нормативы для Москвы ТСН-2001 (МГЭ) | CD12: Территориальные сметные нормативы для Москвы ТСН-2001 (МГЭ) | CE12: Поправки для ТСН-2001 от 15.07.2022 г. доп.65 | CF12: 0 | CG12: 0 | CH12: 524296 | CK12: 82 | CQ12: Территориальные сметные нормативы для Москвы (ТСН-2001) | CR12: ТЕР | CS12: 41660 | CT12: 1 | CU12: 72 | CY12: 0 | EC12: 0
A15: 15 | B15: 1
A18: 52 | B18: =B99 -> 134 | C18: =C99 -> 1 | D18: =D99 -> 12 | E18: =E99 -> 0 | F18: =F99 -> ЛС-07-01-01 | G18: =G99 -> Благоустройство и озеленение: восстановление газона | O18: =O99 -> 76161.85 | P18: =P99 -> 57019.13 | Q18: =Q99 -> 0 | R18: =R99 -> 0 | S18: =S99 -> 19142.72 | T18: =T99 -> 0 | U18: =U99 -> 1817.4276 | V18: =V99 -> 0 | ... GX18: =GX99 -> 0
A20: 3 | B20: 1 | D20: =ROW(A69) -> 69 | F20: ЛС-07-01-01 | G20: Благоустройство и озеленение: восстановление газона | I20: 0 | K20: 0 | L20: ЛС-07-01-01 | S20: 0 | T20: 0 | U20: Благоустройство и озеленение: восстановление газона | V20: 7 | BX20: 0 | CF20: 0 | CG20: 0
A22: 52 | B22: =B69 -> 1 | C22: =C69 -> 3 | D22: =D69 -> 20 | E22: =E69 -> 0 | F22: =F69 -> ЛС-07-01-01 | G22: =G69 -> Благоустройство и озеленение: восстановление газона | O22: =O69 -> 76161.85 | P22: =P69 -> 57019.13 | Q22: =Q69 -> 0 | R22: =R69 -> 0 | S22: =S69 -> 19142.72 | T22: =T69 -> 0 | U22: =U69 -> 1817.4276 | V22: =V69 -> 0 | ... GX22: =GX69 -> 0
A24: 4 | B24: 1 | D24: =ROW(A39) -> 39 | F24: 1 | G24: Восстановление газона | I24: 0 | K24: -1 | S24: 0 | T24: 0 | V24: 7 | BX24: 0 | CJ24: 0
A26: 52 | B26: =B39 -> 1 | C26: =C39 -> 4 | D26: =D39 -> 24 | E26: =E39 -> 0 | F26: =F39 -> 1 | G26: =G39 -> Восстановление газона | O26: =O39 -> 76161.85 | P26: =P39 -> 57019.13 | Q26: =Q39 -> 0 | R26: =R39 -> 0 | S26: =S39 -> 19142.72 | T26: =T39 -> 0 | U26: =U39 -> 1817.4276 | V26: =V39 -> 0 | ... GX26: =GX39 -> 0
A28: 17 | B28: 1 | C28: =ROW(SmtRes!A3) -> 3 | D28: =ROW(EtalonRes!A3) -> 3 | E28: 1 | F28: 3.47-26-6 | G28: Посев газонов партерных, мавританских, и обыкновенных вручную | H28: 100 м2 | I28: =ROUND(4358.9/100,9) -> 43.589 | J28: 0 | K28: =ROUND(4358.9/100,9) -> 43.589 | O28: =ROUND(CP28,2) -> 6318.46 | P28: =ROUND(CQ28*I28,2) -> 3081.74 | Q28: =ROUND(CR28*I28,2) -> 0 | R28: =ROUND(CS28*I28,2) -> 0 | S28: =ROUND(CT28*I28,2) -> 3236.72 | T28: =ROUND(CU28*I28,2) -> 0 | U28: =CV28*I28 -> 289.48545 | V28: =CW28*I28 -> 0 | W28: =ROUND(CX28*I28,2) -> 0 | X28: =ROUND(CY28,2) -> 3010.15 | Y28: =ROUND(CZ28,2) -> 1974.4 | AA28: 86516527 | AB28: =(AC28+AD28+AF28) -> 144.9555 | AC28: =(ES28) -> 70.7 | AD28: =((ET28*1.1*1.25)) -> 0 | AE28: =((EU28*1.1*1.25)) -> 0 | AF28: =((EV28*1.1*1.15)) -> 74.2555 | AG28: =(AP28) -> 0 | AH28: =((EW28*1.1*1.15)) -> 6.64125 | AI28: =((EX28*1.1*1.25)) -> 0 | AJ28: =(AS28) -> 0 | AK28: 0 | AL28: 70.7 | AM28: 0 | AN28: 0 | AO28: 58.7 | AP28: 0 | AQ28: 5.25 | AR28: 0 | AS28: 0 | AT28: 93 | AU28: 61 | AV28: 1 | AW28: 1 | AZ28: 1 | BA28: 1 | BB28: 1 | BC28: 1 | BH28: 0 | BI28: 1 | BJ28: 3.47-26-6 | BM28: 295 | BN28: 0 | BO28: 3.47-26-6 | BP28: 1 | BQ28: 30 | BR28: 0 | BS28: 1 | BT28: 1 | BU28: 1 | BV28: 1 | BW28: 1 | BX28: 1 | BZ28: 93 | CA28: 61 | CE28: 0 | CF28: 0 | CG28: 0 | CM28: 0 | CN28: Поправка:стеснённые условия, пп. "в" Поправка:ТСН-2001.6-0 п. 1.15, прил. 2.2 п. 2.2.6 | CO28: 0 | CP28: =(P28+Q28+S28) -> 6318.46 | CQ28: =(AC28*BC28*AW28) -> 70.7 | CR28: =(((ET28*1.1*1.25))*BB28*AV28) -> 0 | CS28: =(AE28*BS28*AV28) -> 0 | CT28: =(AF28*BA28*AV28) -> 74.2555 | CU28: =AG28 -> 0 | CV28: =(AH28*AV28) -> 6.64125 | CW28: =AI28 -> 0 | CX28: =AJ28 -> 0 | CY28: =(((S28+R28)*BZ28)/100) -> 3010.1496 | CZ28: =(((S28+R28)*CA28)/100) -> 1974.3992 | DE28: *1,1*1,25 | DF28: *1,1*1,25 | DG28: *1,1*1,15 | DI28: *1,1*1,15 | DJ28: *1,1*1,25 | DN28: 0 | DO28: 0 | DP28: 1 | DQ28: 1 | DU28: 1005 | DV28: 100 м2 | DW28: 100 м2 | DX28: 100 | EE28: 86330923 | EF28: 30 | EG28: Строительные работы | EH28: 0 | EJ28: 1 | EK28: 295 | EL28: ТСН-2001.3-47. 47-23...47-33 | EM28: ТСН-2001.3-47-4 | EO28: Попр.12.00.01.11.003 Попр.06.00.01.07.001 | EQ28: 0 | ER28: 0 | ES28: 70.7 | ET28: 0 | EU28: 0 | EV28: 58.7 | EW28: 5.25 | EX28: 0 | EY28: 0 | FQ28: 0 | FR28: 0 | FS28: 0 | FX28: 93 | FY28: 61 | GD28: 1 | GF28: 1209770557 | GG28: 2 | GH28: 0 | GI28: -2 | GJ28: 0 | GK28: 0 | GL28: =ROUND(IF(AND(BH28=3,BI28=3,FS28<>0),P28,0),2) -> 0 | GM28: =ROUND(O28+X28+Y28,2)+GX28 -> 11303.01 | GN28: =IF(OR(BI28=0,BI28=1),GM28-GX28,0) -> 11303.01 | GO28: =IF(BI28=2,GM28-GX28,0) -> 0 | GP28: =IF(BI28=4,GM28-GX28,0) -> 0 | GR28: 0 | GS28: 3 | GT28: 0 | GV28: =(GT28) -> 0 | GW28: 1 | GX28: =ROUND(HC28*I28,2) -> 0 | HA28: 0 | HB28: 0 | HC28: =GV28*GW28 -> 0 | HS28: 0 | IK28: 0
A29: 17 | B29: 1 | C29: =ROW(SmtRes!A6) -> 6 | D29: =ROW(EtalonRes!A6) -> 6 | E29: 1 | F29: 3.47-26-6 | G29: Посев газонов партерных, мавританских, и обыкновенных вручную | H29: 100 м2 | I29: =ROUND(4358.9/100,9) -> 43.589 | J29: 0 | K29: =ROUND(4358.9/100,9) -> 43.589 | O29: =ROUND(CP29,2) -> 210836.62 | P29: =ROUND(CQ29*I29,2) -> 23883.5 | Q29: =ROUND(CR29*I29,2) -> 0 | R29: =ROUND(CS29*I29,2) -> 0 | S29: =ROUND(CT29*I29,2) -> 186953.12 | T29: =ROUND(CU29*I29,2) -> 0 | U29: =CV29*I29 -> 289.48545 | V29: =CW29*I29 -> 0 | W29: =ROUND(CX29*I29,2) -> 0 | X29: =ROUND(CY29,2) -> 173866.4 | Y29: =ROUND(CZ29,2) -> 114041.4 | AA29: 86516528 | AB29: =(AC29+AD29+AF29) -> 144.9555 | AC29: =(ES29) -> 70.7 | AD29: =((ET29*1.1*1.25)) -> 0 | AE29: =((EU29*1.1*1.25)) -> 0 | AF29: =((EV29*1.1*1.15)) -> 74.2555 | AG29: =(AP29) -> 0 | AH29: =((EW29*1.1*1.15)) -> 6.64125 | AI29: =((EX29*1.1*1.25)) -> 0 | AJ29: =(AS29) -> 0 | AK29: 0 | AL29: 70.7 | AM29: 0 | AN29: 0 | AO29: 58.7 | AP29: 0 | AQ29: 5.25 | AR29: 0 | AS29: 0 | AT29: 93 | AU29: 61 | AV29: 1 | AW29: 1 | AZ29: 1 | BA29: 57.76 | BB29: 1 | BC29: 7.75 | BH29: 0 | BI29: 1 | BJ29: 3.47-26-6 | BM29: 295 | BN29: 0 | BO29: 3.47-26-6 | BP29: 1 | BQ29: 30 | BR29: 0 | BS29: 57.76 | BT29: 1 | BU29: 1 | BV29: 1 | BW29: 1 | BX29: 1 | BZ29: 93 | CA29: 61 | CE29: 0 | CF29: 0 | CG29: 0 | CM29: 0 | CN29: Поправка:стеснённые условия, пп. "в" Поправка:ТСН-2001.6-0 п. 1.15, прил. 2.2 п. 2.2.6 | CO29: 0 | CP29: =(P29+Q29+S29) -> 210836.62 | CQ29: =(AC29*BC29*AW29) -> 547.925 | CR29: =(((ET29*1.1*1.25))*BB29*AV29) -> 0 | CS29: =(AE29*BS29*AV29) -> 0 | CT29: =(AF29*BA29*AV29) -> 4288.9977 | CU29: =AG29 -> 0 | CV29: =(AH29*AV29) -> 6.64125 | CW29: =AI29 -> 0 | CX29: =AJ29 -> 0 | CY29: =(S29+R29)*(BZ29/100) -> 173866.4 | CZ29: =(S29+R29)*(CA29/100) -> 114041.4 | DE29: *1,1*1,25 | DF29: *1,1*1,25 | DG29: *1,1*1,15 | DI29: *1,1*1,15 | DJ29: *1,1*1,25 | DN29: 93 | DO29: 61 | DP29: 1 | DQ29: 1 | DU29: 1005 | DV29: 100 м2 | DW29: 100 м2 | DX29: 100 | EE29: 86330923 | EF29: 30 | EG29: Строительные работы | EH29: 0 | EJ29: 1 | EK29: 295 | EL29: ТСН-2001.3-47. 47-23...47-33 | EM29: ТСН-2001.3-47-4 | EO29: Попр.12.00.01.11.003 Попр.06.00.01.07.001 | EQ29: 0 | ER29: 0 | ES29: 70.7 | ET29: 0 | EU29: 0 | EV29: 58.7 | EW29: 5.25 | EX29: 0 | EY29: 0 | FQ29: 0 | FR29: 0 | FS29: 0 | FX29: 93 | FY29: 61 | GD29: 1 | GF29: 1209770557 | GG29: 2 | GH29: 0 | GI29: -2 | GJ29: 0 | GK29: 0 | GL29: =ROUND(IF(AND(BH29=3,BI29=3,FS29<>0),P29,0),2) -> 0 | GM29: =ROUND(O29+X29+Y29,2)+GX29 -> 498744.42 | GN29: =IF(OR(BI29=0,BI29=1),GM29-GX29,0) -> 498744.42 | GO29: =IF(BI29=2,GM29-GX29,0) -> 0 | GP29: =IF(BI29=4,GM29-GX29,0) -> 0 | GR29: 0 | GS29: 3 | GT29: 0 | GV29: =(GT29) -> 0 | GW29: 7.75 | GX29: =ROUND(HC29*I29,2) -> 0 | HA29: 0 | HB29: 0 | HC29: =GV29*GW29 -> 0 | HS29: 0 | IK29: 0
A30: 17 | B30: 1 | E30: 2 | F30: 1.4-6-6 | G30: Семена (смесь универсальная) газонных трав | H30: кг | I30: =ROUND(174.356,9) -> 174.356 | J30: 0 | K30: =ROUND(174.356,9) -> 174.356 | O30: =ROUND(CP30,2) -> 10096.96 | P30: =ROUND(CQ30*I30,2) -> 10096.96 | Q30: =ROUND(CR30*I30,2) -> 0 | R30: =ROUND(CS30*I30,2) -> 0 | S30: =ROUND(CT30*I30,2) -> 0 | T30: =ROUND(CU30*I30,2) -> 0 | U30: =CV30*I30 -> 0 | V30: =CW30*I30 -> 0 | W30: =ROUND(CX30*I30,2) -> 0 | X30: =ROUND(CY30,2) -> 0 | Y30: =ROUND(CZ30,2) -> 0 | AA30: 86516527 | AB30: =(AC30+AD30+AF30) -> 57.91 | AC30: =(ES30) -> 57.91 | AD30: =(ET30) -> 0 | AE30: =(EU30) -> 0 | AF30: =(EV30) -> 0 | AG30: =(AP30) -> 0 | AH30: =(EW30) -> 0 | AI30: =(EX30) -> 0 | AJ30: =(AS30) -> 0 | AK30: 0 | AL30: 57.91 | AM30: 0 | AN30: 0 | AO30: 0 | AP30: 0 | AQ30: 0 | AR30: 0 | AS30: 0 | AT30: 93 | AU30: 61 | AV30: 1 | AW30: 1 | AZ30: 1 | BA30: 1 | BB30: 1 | BC30: 1 | BH30: 0 | BI30: 1 | BJ30: 1.4-6-6 | BM30: 1617 | BN30: 0 | BO30: 1.4-6-6 | BP30: 1 | BQ30: 200 | BR30: 0 | BS30: 1 | BT30: 1 | BU30: 1 | BV30: 1 | BW30: 1 | BX30: 1 | BZ30: 93 | CA30: 61 | CE30: 0 | CF30: 0 | CG30: 0 | CM30: 0 | CO30: 0 | CP30: =(P30+Q30+S30) -> 10096.96 | CQ30: =(AC30*BC30*AW30) -> 57.91 | CR30: =((ET30)*BB30*AV30) -> 0 | CS30: =(AE30*BS30*AV30) -> 0 | CT30: =(AF30*BA30*AV30) -> 0 | CU30: =AG30 -> 0 | CV30: =(AH30*AV30) -> 0 | CW30: =AI30 -> 0 | CX30: =AJ30 -> 0 | CY30: =(((S30+R30)*BZ30)/100) -> 0 | CZ30: =(((S30+R30)*CA30)/100) -> 0 | DN30: 0 | DO30: 0 | DP30: 1 | DQ30: 1 | DU30: 1009 | DV30: кг | DW30: кг | DX30: 1 | EE30: 86332245 | EF30: 200 | EG30: Материалы строительные | EH30: 0 | EJ30: 1 | EK30: 1617 | EL30: ТСН-2001.1 Материалы строительные | EM30: ТСН-2001.1-1 | EQ30: 0 | ER30: 0 | ES30: 57.91 | ET30: 0 | EU30: 0 | EV30: 0 | EW30: 0 | EX30: 0 | EY30: 0 | FQ30: 0 | FR30: 0 | FS30: 0 | FX30: 93 | FY30: 61 | GD30: 1 | GF30: -1695456437 | GG30: 2 | GH30: 0 | GI30: -2 | GJ30: 0 | GK30: 0 | GL30: =ROUND(IF(AND(BH30=3,BI30=3,FS30<>0),P30,0),2) -> 0 | GM30: =ROUND(O30+X30+Y30,2)+GX30 -> 10096.96 | GN30: =IF(OR(BI30=0,BI30=1),GM30-GX30,0) -> 10096.96 | GO30: =IF(BI30=2,GM30-GX30,0) -> 0 | GP30: =IF(BI30=4,GM30-GX30,0) -> 0 | GR30: 0 | GS30: 3 | GT30: 0 | GV30: =(GT30) -> 0 | GW30: 1 | GX30: =ROUND(HC30*I30,2) -> 0 | HA30: 0 | HB30: 0 | HC30: =GV30*GW30 -> 0 | HS30: 0 | IK30: 0
A31: 17 | B31: 1 | E31: 2 | F31: 1.4-6-6 | G31: Семена (смесь универсальная) газонных трав | H31: кг | I31: =ROUND(174.356,9) -> 174.356 | J31: 0 | K31: =ROUND(174.356,9) -> 174.356 | O31: =ROUND(CP31,2) -> 34834.5 | P31: =ROUND(CQ31*I31,2) -> 34834.5 | Q31: =ROUND(CR31*I31,2) -> 0 | R31: =ROUND(CS31*I31,2) -> 0 | S31: =ROUND(CT31*I31,2) -> 0 | T31: =ROUND(CU31*I31,2) -> 0 | U31: =CV31*I31 -> 0 | V31: =CW31*I31 -> 0 | W31: =ROUND(CX31*I31,2) -> 0 | X31: =ROUND(CY31,2) -> 0 | Y31: =ROUND(CZ31,2) -> 0 | AA31: 86516528 | AB31: =(AC31+AD31+AF31) -> 57.91 | AC31: =(ES31) -> 57.91 | AD31: =(ET31) -> 0 | AE31: =(EU31) -> 0 | AF31: =(EV31) -> 0 | AG31: =(AP31) -> 0 | AH31: =(EW31) -> 0 | AI31: =(EX31) -> 0 | AJ31: =(AS31) -> 0 | AK31: 0 | AL31: 57.91 | AM31: 0 | AN31: 0 | AO31: 0 | AP31: 0 | AQ31: 0 | AR31: 0 | AS31: 0 | AT31: 93 | AU31: 61 | AV31: 1 | AW31: 1 | AZ31: 1 | BA31: 1 | BB31: 1 | BC31: 3.45 | BH31: 0 | BI31: 1 | BJ31: 1.4-6-6 | BM31: 1617 | BN31: 0 | BO31: 1.4-6-6 | BP31: 1 | BQ31: 200 | BR31: 0 | BS31: 1 | BT31: 1 | BU31: 1 | BV31: 1 | BW31: 1 | BX31: 1 | BZ31: 93 | CA31: 61 | CE31: 0 | CF31: 0 | CG31: 0 | CM31: 0 | CO31: 0 | CP31: =(P31+Q31+S31) -> 34834.5 | CQ31: =(AC31*BC31*AW31) -> 199.7895 | CR31: =((ET31)*BB31*AV31) -> 0 | CS31: =(AE31*BS31*AV31) -> 0 | CT31: =(AF31*BA31*AV31) -> 0 | CU31: =AG31 -> 0 | CV31: =(AH31*AV31) -> 0 | CW31: =AI31 -> 0 | CX31: =AJ31 -> 0 | CY31: =(S31+R31)*(BZ31/100) -> 0 | CZ31: =(S31+R31)*(CA31/100) -> 0 | DN31: 93 | DO31: 61 | DP31: 1 | DQ31: 1 | DU31: 1009 | DV31: кг | DW31: кг | DX31: 1 | EE31: 86332245 | EF31: 200 | EG31: Материалы строительные | EH31: 0 | EJ31: 1 | EK31: 1617 | EL31: ТСН-2001.1 Материалы строительные | EM31: ТСН-2001.1-1 | EQ31: 0 | ER31: 0 | ES31: 57.91 | ET31: 0 | EU31: 0 | EV31: 0 | EW31: 0 | EX31: 0 | EY31: 0 | FQ31: 0 | FR31: 0 | FS31: 0 | FX31: 93 | FY31: 61 | GD31: 1 | GF31: -1695456437 | GG31: 2 | GH31: 0 | GI31: -2 | GJ31: 0 | GK31: 0 | GL31: =ROUND(IF(AND(BH31=3,BI31=3,FS31<>0),P31,0),2) -> 0 | GM31: =ROUND(O31+X31+Y31,2)+GX31 -> 34834.5 | GN31: =IF(OR(BI31=0,BI31=1),GM31-GX31,0) -> 34834.5 | GO31: =IF(BI31=2,GM31-GX31,0) -> 0 | GP31: =IF(BI31=4,GM31-GX31,0) -> 0 | GR31: 0 | GS31: 3 | GT31: 0 | GV31: =(GT31) -> 0 | GW31: 3.45 | GX31: =ROUND(HC31*I31,2) -> 0 | HA31: 0 | HB31: 0 | HC31: =GV31*GW31 -> 0 | HS31: 0 | IK31: 0
A32: 17 | B32: 1 | C32: =ROW(SmtRes!A8) -> 8 | D32: =ROW(EtalonRes!A8) -> 8 | E32: 3 | F32: 3.47-26-4 | G32: Подготовка почвы для устройства партерного и обыкновенного газонов с внесением растительной земли слоем 15 см вручную | H32: 100 м2 | I32: =ROUND(3498/100,9) -> 34.98 | J32: 0 | K32: =ROUND(3498/100,9) -> 34.98 | O32: =ROUND(CP32,2) -> 18425.58 | P32: =ROUND(CQ32*I32,2) -> 0 | Q32: =ROUND(CR32*I32,2) -> 0 | R32: =ROUND(CS32*I32,2) -> 0 | S32: =ROUND(CT32*I32,2) -> 18425.58 | T32: =ROUND(CU32*I32,2) -> 0 | U32: =CV32*I32 -> 1769.988 | V32: =CW32*I32 -> 0 | W32: =ROUND(CX32*I32,2) -> 0 | X32: =ROUND(CY32,2) -> 17135.79 | Y32: =ROUND(CZ32,2) -> 11239.6 | AA32: 86516527 | AB32: =(AC32+AD32+AF32) -> 526.746 | AC32: =(ES32) -> 0 | AD32: =((ET32*1.1*1.25)) -> 0 | AE32: =((EU32*1.1*1.25)) -> 0 | AF32: =((EV32*1.1*1.15)) -> 526.746 | AG32: =(AP32) -> 0 | AH32: =((EW32*1.1*1.15)) -> 50.6 | AI32: =((EX32*1.1*1.25)) -> 0 | AJ32: =(AS32) -> 0 | AK32: 0 | AL32: 0 | AM32: 0 | AN32: 0 | AO32: 416.4 | AP32: 0 | AQ32: 40 | AR32: 0 | AS32: 0 | AT32: 93 | AU32: 61 | AV32: 1 | AW32: 1 | AZ32: 1 | BA32: 1 | BB32: 1 | BC32: 1 | BH32: 0 | BI32: 1 | BJ32: 3.47-26-4 | BM32: 295 | BN32: 0 | BO32: 3.47-26-4 | BP32: 1 | BQ32: 30 | BR32: 0 | BS32: 1 | BT32: 1 | BU32: 1 | BV32: 1 | BW32: 1 | BX32: 1 | BZ32: 93 | CA32: 61 | CE32: 0 | CF32: 0 | CG32: 0 | CM32: 0 | CN32: Поправка:стеснённые условия, пп. "в" Поправка:ТСН-2001.6-0 п. 1.15, прил. 2.2 п. 2.2.6 | CO32: 0 | CP32: =(P32+Q32+S32) -> 18425.58 | CQ32: =(AC32*BC32*AW32) -> 0 | CR32: =(((ET32*1.1*1.25))*BB32*AV32) -> 0 | CS32: =(AE32*BS32*AV32) -> 0 | CT32: =(AF32*BA32*AV32) -> 526.746 | CU32: =AG32 -> 0 | CV32: =(AH32*AV32) -> 50.6 | CW32: =AI32 -> 0 | CX32: =AJ32 -> 0 | CY32: =(((S32+R32)*BZ32)/100) -> 17135.789 | CZ32: =(((S32+R32)*CA32)/100) -> 11239.604 | DE32: *1,1*1,25 | DF32: *1,1*1,25 | DG32: *1,1*1,15 | DI32: *1,1*1,15 | DJ32: *1,1*1,25 | DN32: 0 | DO32: 0 | DP32: 1 | DQ32: 1 | DU32: 1005 | DV32: 100 м2 | DW32: 100 м2 | DX32: 100 | EE32: 86330923 | EF32: 30 | EG32: Строительные работы | EH32: 0 | EJ32: 1 | EK32: 295 | EL32: ТСН-2001.3-47. 47-23...47-33 | EM32: ТСН-2001.3-47-4 | EO32: Попр.12.00.01.11.003 Попр.06.00.01.07.001 | EQ32: 0 | ER32: 0 | ES32: 0 | ET32: 0 | EU32: 0 | EV32: 416.4 | EW32: 40 | EX32: 0 | EY32: 0 | FQ32: 0 | FR32: 0 | FS32: 0 | FX32: 93 | FY32: 61 | GD32: 1 | GF32: 115185341 | GG32: 2 | GH32: 0 | GI32: -2 | GJ32: 0 | GK32: 0 | GL32: =ROUND(IF(AND(BH32=3,BI32=3,FS32<>0),P32,0),2) -> 0 | GM32: =ROUND(O32+X32+Y32,2)+GX32 -> 46800.97 | GN32: =IF(OR(BI32=0,BI32=1),GM32-GX32,0) -> 46800.97 | GO32: =IF(BI32=2,GM32-GX32,0) -> 0 | GP32: =IF(BI32=4,GM32-GX32,0) -> 0 | GR32: 0 | GS32: 3 | GT32: 0 | GV32: =(GT32) -> 0 | GW32: 1 | GX32: =ROUND(HC32*I32,2) -> 0 | HA32: 0 | HB32: 0 | HC32: =GV32*GW32 -> 0 | HS32: 0 | IK32: 0
A33: 17 | B33: 1 | C33: =ROW(SmtRes!A10) -> 10 | D33: =ROW(EtalonRes!A10) -> 10 | E33: 3 | F33: 3.47-26-4 | G33: Подготовка почвы для устройства партерного и обыкновенного газонов с внесением растительной земли слоем 15 см вручную | H33: 100 м2 | I33: =ROUND(3498/100,9) -> 34.98 | J33: 0 | K33: =ROUND(3498/100,9) -> 34.98 | O33: =ROUND(CP33,2) -> 1064261.2 | P33: =ROUND(CQ33*I33,2) -> 0 | Q33: =ROUND(CR33*I33,2) -> 0 | R33: =ROUND(CS33*I33,2) -> 0 | S33: =ROUND(CT33*I33,2) -> 1064261.2 | T33: =ROUND(CU33*I33,2) -> 0 | U33: =CV33*I33 -> 1769.988 | V33: =CW33*I33 -> 0 | W33: =ROUND(CX33*I33,2) -> 0 | X33: =ROUND(CY33,2) -> 989762.93 | Y33: =ROUND(CZ33,2) -> 649199.34 | AA33: 86516528 | AB33: =(AC33+AD33+AF33) -> 526.746 | AC33: =(ES33) -> 0 | AD33: =((ET33*1.1*1.25)) -> 0 | AE33: =((EU33*1.1*1.25)) -> 0 | AF33: =((EV33*1.1*1.15)) -> 526.746 | AG33: =(AP33) -> 0 | AH33: =((EW33*1.1*1.15)) -> 50.6 | AI33: =((EX33*1.1*1.25)) -> 0 | AJ33: =(AS33) -> 0 | AK33: 0 | AL33: 0 | AM33: 0 | AN33: 0 | AO33: 416.4 | AP33: 0 | AQ33: 40 | AR33: 0 | AS33: 0 | AT33: 93 | AU33: 61 | AV33: 1 | AW33: 1 | AZ33: 1 | BA33: 57.76 | BB33: 1 | BC33: 1 | BH33: 0 | BI33: 1 | BJ33: 3.47-26-4 | BM33: 295 | BN33: 0 | BO33: 3.47-26-4 | BP33: 1 | BQ33: 30 | BR33: 0 | BS33: 57.76 | BT33: 1 | BU33: 1 | BV33: 1 | BW33: 1 | BX33: 1 | BZ33: 93 | CA33: 61 | CE33: 0 | CF33: 0 | CG33: 0 | CM33: 0 | CN33: Поправка:стеснённые условия, пп. "в" Поправка:ТСН-2001.6-0 п. 1.15, прил. 2.2 п. 2.2.6 | CO33: 0 | CP33: =(P33+Q33+S33) -> 1064261.2 | CQ33: =(AC33*BC33*AW33) -> 0 | CR33: =(((ET33*1.1*1.25))*BB33*AV33) -> 0 | CS33: =(AE33*BS33*AV33) -> 0 | CT33: =(AF33*BA33*AV33) -> 30424.849 | CU33: =AG33 -> 0 | CV33: =(AH33*AV33) -> 50.6 | CW33: =AI33 -> 0 | CX33: =AJ33 -> 0 | CY33: =(S33+R33)*(BZ33/100) -> 989762.93 | CZ33: =(S33+R33)*(CA33/100) -> 649199.34 | DE33: *1,1*1,25 | DF33: *1,1*1,25 | DG33: *1,1*1,15 | DI33: *1,1*1,15 | DJ33: *1,1*1,25 | DN33: 93 | DO33: 61 | DP33: 1 | DQ33: 1 | DU33: 1005 | DV33: 100 м2 | DW33: 100 м2 | DX33: 100 | EE33: 86330923 | EF33: 30 | EG33: Строительные работы | EH33: 0 | EJ33: 1 | EK33: 295 | EL33: ТСН-2001.3-47. 47-23...47-33 | EM33: ТСН-2001.3-47-4 | EO33: Попр.12.00.01.11.003 Попр.06.00.01.07.001 | EQ33: 0 | ER33: 0 | ES33: 0 | ET33: 0 | EU33: 0 | EV33: 416.4 | EW33: 40 | EX33: 0 | EY33: 0 | FQ33: 0 | FR33: 0 | FS33: 0 | FX33: 93 | FY33: 61 | GD33: 1 | GF33: 115185341 | GG33: 2 | GH33: 0 | GI33: -2 | GJ33: 0 | GK33: 0 | GL33: =ROUND(IF(AND(BH33=3,BI33=3,FS33<>0),P33,0),2) -> 0 | GM33: =ROUND(O33+X33+Y33,2)+GX33 -> 2703223.5 | GN33: =IF(OR(BI33=0,BI33=1),GM33-GX33,0) -> 2703223.5 | GO33: =IF(BI33=2,GM33-GX33,0) -> 0 | GP33: =IF(BI33=4,GM33-GX33,0) -> 0 | GR33: 0 | GS33: 3 | GT33: 0 | GV33: =(GT33) -> 0 | GW33: 1 | GX33: =ROUND(HC33*I33,2) -> 0 | HA33: 0 | HB33: 0 | HC33: =GV33*GW33 -> 0 | HS33: 0 | IK33: 0
A34: 17 | B34: 1 | C34: =ROW(SmtRes!A12) -> 12 | D34: =ROW(EtalonRes!A12) -> 12 | E34: 4 | F34: 3.47-26-5 | G34: Подготовка почвы для устройства партерного и обыкновенного газонов на каждые 5 см изменения толщины слоя добавлять или исключать | H34: 100 м2 | I34: =ROUND(-3498/100,9) -> -34.98 | J34: 0 | K34: =ROUND(-3498/100,9) -> -34.98 | O34: =ROUND(CP34,2) -> -2519.58 | P34: =ROUND(CQ34*I34,2) -> 0 | Q34: =ROUND(CR34*I34,2) -> 0 | R34: =ROUND(CS34*I34,2) -> 0 | S34: =ROUND(CT34*I34,2) -> -2519.58 | T34: =ROUND(CU34*I34,2) -> 0 | U34: =CV34*I34 -> -242.04586 | V34: =CW34*I34 -> 0 | W34: =ROUND(CX34*I34,2) -> 0 | X34: =ROUND(CY34,2) -> -2343.21 | Y34: =ROUND(CZ34,2) -> -1536.94 | AA34: 86516527 | AB34: =(AC34+AD34+AF34) -> 72.0291 | AC34: =(ES34) -> 0 | AD34: =((ET34*1.1*1.25)) -> 0 | AE34: =((EU34*1.1*1.25)) -> 0 | AF34: =((EV34*1.1*1.15)) -> 72.0291 | AG34: =(AP34) -> 0 | AH34: =((EW34*1.1*1.15)) -> 6.91955 | AI34: =((EX34*1.1*1.25)) -> 0 | AJ34: =(AS34) -> 0 | AK34: 0 | AL34: 0 | AM34: 0 | AN34: 0 | AO34: 56.94 | AP34: 0 | AQ34: 5.47 | AR34: 0 | AS34: 0 | AT34: 93 | AU34: 61 | AV34: 1 | AW34: 1 | AZ34: 1 | BA34: 1 | BB34: 1 | BC34: 1 | BH34: 0 | BI34: 1 | BJ34: 3.47-26-5 | BM34: 295 | BN34: 0 | BO34: 3.47-26-5 | BP34: 1 | BQ34: 30 | BR34: 0 | BS34: 1 | BT34: 1 | BU34: 1 | BV34: 1 | BW34: 1 | BX34: 1 | BZ34: 93 | CA34: 61 | CE34: 0 | CF34: 0 | CG34: 0 | CM34: 0 | CN34: Поправка:стеснённые условия, пп. "в" Поправка:ТСН-2001.6-0 п. 1.15, прил. 2.2 п. 2.2.6 | CO34: 0 | CP34: =(P34+Q34+S34) -> -2519.58 | CQ34: =(AC34*BC34*AW34) -> 0 | CR34: =(((ET34*1.1*1.25))*BB34*AV34) -> 0 | CS34: =(AE34*BS34*AV34) -> 0 | CT34: =(AF34*BA34*AV34) -> 72.0291 | CU34: =AG34 -> 0 | CV34: =(AH34*AV34) -> 6.91955 | CW34: =AI34 -> 0 | CX34: =AJ34 -> 0 | CY34: =(((S34+R34)*BZ34)/100) -> -2343.2094 | CZ34: =(((S34+R34)*CA34)/100) -> -1536.9438 | DE34: *1,1*1,25 | DF34: *1,1*1,25 | DG34: *1,1*1,15 | DI34: *1,1*1,15 | DJ34: *1,1*1,25 | DN34: 0 | DO34: 0 | DP34: 1 | DQ34: 1 | DU34: 1005 | DV34: 100 м2 | DW34: 100 м2 | DX34: 100 | EE34: 86330923 | EF34: 30 | EG34: Строительные работы | EH34: 0 | EJ34: 1 | EK34: 295 | EL34: ТСН-2001.3-47. 47-23...47-33 | EM34: ТСН-2001.3-47-4 | EO34: Попр.12.00.01.11.003 Попр.06.00.01.07.001 | EQ34: 0 | ER34: 0 | ES34: 0 | ET34: 0 | EU34: 0 | EV34: 56.94 | EW34: 5.47 | EX34: 0 | EY34: 0 | FQ34: 0 | FR34: 0 | FS34: 0 | FX34: 93 | FY34: 61 | GD34: 1 | GF34: -1343161247 | GG34: 2 | GH34: 0 | GI34: -2 | GJ34: 0 | GK34: 0 | GL34: =ROUND(IF(AND(BH34=3,BI34=3,FS34<>0),P34,0),2) -> 0 | GM34: =ROUND(O34+X34+Y34,2)+GX34 -> -6399.73 | GN34: =IF(OR(BI34=0,BI34=1),GM34-GX34,0) -> -6399.73 | GO34: =IF(BI34=2,GM34-GX34,0) -> 0 | GP34: =IF(BI34=4,GM34-GX34,0) -> 0 | GR34: 0 | GS34: 3 | GT34: 0 | GV34: =(GT34) -> 0 | GW34: 1 | GX34: =ROUND(HC34*I34,2) -> 0 | HA34: 0 | HB34: 0 | HC34: =GV34*GW34 -> 0 | HS34: 0 | IK34: 0
A35: 17 | B35: 1 | C35: =ROW(SmtRes!A14) -> 14 | D35: =ROW(EtalonRes!A14) -> 14 | E35: 4 | F35: 3.47-26-5 | G35: Подготовка почвы для устройства партерного и обыкновенного газонов на каждые 5 см изменения толщины слоя добавлять или исключать | H35: 100 м2 | I35: =ROUND(-3498/100,9) -> -34.98 | J35: 0 | K35: =ROUND(-3498/100,9) -> -34.98 | O35: =ROUND(CP35,2) -> -145530.82 | P35: =ROUND(CQ35*I35,2) -> 0 | Q35: =ROUND(CR35*I35,2) -> 0 | R35: =ROUND(CS35*I35,2) -> 0 | S35: =ROUND(CT35*I35,2) -> -145530.82 | T35: =ROUND(CU35*I35,2) -> 0 | U35: =CV35*I35 -> -242.04586 | V35: =CW35*I35 -> 0 | W35: =ROUND(CX35*I35,2) -> 0 | X35: =ROUND(CY35,2) -> -135343.66 | Y35: =ROUND(CZ35,2) -> -88773.8 | AA35: 86516528 | AB35: =(AC35+AD35+AF35) -> 72.0291 | AC35: =(ES35) -> 0 | AD35: =((ET35*1.1*1.25)) -> 0 | AE35: =((EU35*1.1*1.25)) -> 0 | AF35: =((EV35*1.1*1.15)) -> 72.0291 | AG35: =(AP35) -> 0 | AH35: =((EW35*1.1*1.15)) -> 6.91955 | AI35: =((EX35*1.1*1.25)) -> 0 | AJ35: =(AS35) -> 0 | AK35: 0 | AL35: 0 | AM35: 0 | AN35: 0 | AO35: 56.94 | AP35: 0 | AQ35: 5.47 | AR35: 0 | AS35: 0 | AT35: 93 | AU35: 61 | AV35: 1 | AW35: 1 | AZ35: 1 | BA35: 57.76 | BB35: 1 | BC35: 1 | BH35: 0 | BI35: 1 | BJ35: 3.47-26-5 | BM35: 295 | BN35: 0 | BO35: 3.47-26-5 | BP35: 1 | BQ35: 30 | BR35: 0 | BS35: 57.76 | BT35: 1 | BU35: 1 | BV35: 1 | BW35: 1 | BX35: 1 | BZ35: 93 | CA35: 61 | CE35: 0 | CF35: 0 | CG35: 0 | CM35: 0 | CN35: Поправка:стеснённые условия, пп. "в" Поправка:ТСН-2001.6-0 п. 1.15, прил. 2.2 п. 2.2.6 | CO35: 0 | CP35: =(P35+Q35+S35) -> -145530.82 | CQ35: =(AC35*BC35*AW35) -> 0 | CR35: =(((ET35*1.1*1.25))*BB35*AV35) -> 0 | CS35: =(AE35*BS35*AV35) -> 0 | CT35: =(AF35*BA35*AV35) -> 4160.4008 | CU35: =AG35 -> 0 | CV35: =(AH35*AV35) -> 6.91955 | CW35: =AI35 -> 0 | CX35: =AJ35 -> 0 | CY35: =(S35+R35)*(BZ35/100) -> -135343.66 | CZ35: =(S35+R35)*(CA35/100) -> -88773.8 | DE35: *1,1*1,25 | DF35: *1,1*1,25 | DG35: *1,1*1,15 | DI35: *1,1*1,15 | DJ35: *1,1*1,25 | DN35: 93 | DO35: 61 | DP35: 1 | DQ35: 1 | DU35: 1005 | DV35: 100 м2 | DW35: 100 м2 | DX35: 100 | EE35: 86330923 | EF35: 30 | EG35: Строительные работы | EH35: 0 | EJ35: 1 | EK35: 295 | EL35: ТСН-2001.3-47. 47-23...47-33 | EM35: ТСН-2001.3-47-4 | EO35: Попр.12.00.01.11.003 Попр.06.00.01.07.001 | EQ35: 0 | ER35: 0 | ES35: 0 | ET35: 0 | EU35: 0 | EV35: 56.94 | EW35: 5.47 | EX35: 0 | EY35: 0 | FQ35: 0 | FR35: 0 | FS35: 0 | FX35: 93 | FY35: 61 | GD35: 1 | GF35: -1343161247 | GG35: 2 | GH35: 0 | GI35: -2 | GJ35: 0 | GK35: 0 | GL35: =ROUND(IF(AND(BH35=3,BI35=3,FS35<>0),P35,0),2) -> 0 | GM35: =ROUND(O35+X35+Y35,2)+GX35 -> -369648.28 | GN35: =IF(OR(BI35=0,BI35=1),GM35-GX35,0) -> -369648.28 | GO35: =IF(BI35=2,GM35-GX35,0) -> 0 | GP35: =IF(BI35=4,GM35-GX35,0) -> 0 | GR35: 0 | GS35: 3 | GT35: 0 | GV35: =(GT35) -> 0 | GW35: 1 | GX35: =ROUND(HC35*I35,2) -> 0 | HA35: 0 | HB35: 0 | HC35: =GV35*GW35 -> 0 | HS35: 0 | IK35: 0
A36: 17 | B36: 1 | E36: 5 | F36: 1.4-6-1 | G36: Земля растительная | H36: м3 | I36: =ROUND(349.8,9) -> 349.8 | J36: 0 | K36: =ROUND(349.8,9) -> 349.8 | O36: =ROUND(CP36,2) -> 43840.43 | P36: =ROUND(CQ36*I36,2) -> 43840.43 | Q36: =ROUND(CR36*I36,2) -> 0 | R36: =ROUND(CS36*I36,2) -> 0 | S36: =ROUND(CT36*I36,2) -> 0 | T36: =ROUND(CU36*I36,2) -> 0 | U36: =CV36*I36 -> 0 | V36: =CW36*I36 -> 0 | W36: =ROUND(CX36*I36,2) -> 0 | X36: =ROUND(CY36,2) -> 0 | Y36: =ROUND(CZ36,2) -> 0 | AA36: 86516527 | AB36: =(AC36+AD36+AF36) -> 125.33 | AC36: =(ES36) -> 125.33 | AD36: =(ET36) -> 0 | AE36: =(EU36) -> 0 | AF36: =(EV36) -> 0 | AG36: =(AP36) -> 0 | AH36: =(EW36) -> 0 | AI36: =(EX36) -> 0 | AJ36: =(AS36) -> 0 | AK36: 0 | AL36: 125.33 | AM36: 0 | AN36: 0 | AO36: 0 | AP36: 0 | AQ36: 0 | AR36: 0 | AS36: 0 | AT36: 93 | AU36: 61 | AV36: 1 | AW36: 1 | AZ36: 1 | BA36: 1 | BB36: 1 | BC36: 1 | BH36: 0 | BI36: 1 | BJ36: 1.4-6-1 | BM36: 1617 | BN36: 0 | BO36: 1.4-6-1 | BP36: 1 | BQ36: 200 | BR36: 0 | BS36: 1 | BT36: 1 | BU36: 1 | BV36: 1 | BW36: 1 | BX36: 1 | BZ36: 93 | CA36: 61 | CE36: 0 | CF36: 0 | CG36: 0 | CM36: 0 | CO36: 0 | CP36: =(P36+Q36+S36) -> 43840.43 | CQ36: =(AC36*BC36*AW36) -> 125.33 | CR36: =((ET36)*BB36*AV36) -> 0 | CS36: =(AE36*BS36*AV36) -> 0 | CT36: =(AF36*BA36*AV36) -> 0 | CU36: =AG36 -> 0 | CV36: =(AH36*AV36) -> 0 | CW36: =AI36 -> 0 | CX36: =AJ36 -> 0 | CY36: =(((S36+R36)*BZ36)/100) -> 0 | CZ36: =(((S36+R36)*CA36)/100) -> 0 | DN36: 0 | DO36: 0 | DP36: 1 | DQ36: 1 | DU36: 1007 | DV36: м3 | DW36: м3 | DX36: 1 | EE36: 86332245 | EF36: 200 | EG36: Материалы строительные | EH36: 0 | EJ36: 1 | EK36: 1617 | EL36: ТСН-2001.1 Материалы строительные | EM36: ТСН-2001.1-1 | EQ36: 0 | ER36: 0 | ES36: 125.33 | ET36: 0 | EU36: 0 | EV36: 0 | EW36: 0 | EX36: 0 | EY36: 0 | FQ36: 0 | FR36: 0 | FS36: 0 | FX36: 93 | FY36: 61 | GD36: 1 | GF36: -1341050472 | GG36: 2 | GH36: 0 | GI36: -2 | GJ36: 0 | GK36: 0 | GL36: =ROUND(IF(AND(BH36=3,BI36=3,FS36<>0),P36,0),2) -> 0 | GM36: =ROUND(O36+X36+Y36,2)+GX36 -> 43840.43 | GN36: =IF(OR(BI36=0,BI36=1),GM36-GX36,0) -> 43840.43 | GO36: =IF(BI36=2,GM36-GX36,0) -> 0 | GP36: =IF(BI36=4,GM36-GX36,0) -> 0 | GR36: 0 | GS36: 3 | GT36: 0 | GV36: =(GT36) -> 0 | GW36: 1 | GX36: =ROUND(HC36*I36,2) -> 0 | HA36: 0 | HB36: 0 | HC36: =GV36*GW36 -> 0 | HS36: 0 | IK36: 0
A37: 17 | B37: 1 | E37: 5 | F37: 1.4-6-1 | G37: Земля растительная | H37: м3 | I37: =ROUND(349.8,9) -> 349.8 | J37: 0 | K37: =ROUND(349.8,9) -> 349.8 | O37: =ROUND(CP37,2) -> 389741.46 | P37: =ROUND(CQ37*I37,2) -> 389741.46 | Q37: =ROUND(CR37*I37,2) -> 0 | R37: =ROUND(CS37*I37,2) -> 0 | S37: =ROUND(CT37*I37,2) -> 0 | T37: =ROUND(CU37*I37,2) -> 0 | U37: =CV37*I37 -> 0 | V37: =CW37*I37 -> 0 | W37: =ROUND(CX37*I37,2) -> 0 | X37: =ROUND(CY37,2) -> 0 | Y37: =ROUND(CZ37,2) -> 0 | AA37: 86516528 | AB37: =(AC37+AD37+AF37) -> 125.33 | AC37: =(ES37) -> 125.33 | AD37: =(ET37) -> 0 | AE37: =(EU37) -> 0 | AF37: =(EV37) -> 0 | AG37: =(AP37) -> 0 | AH37: =(EW37) -> 0 | AI37: =(EX37) -> 0 | AJ37: =(AS37) -> 0 | AK37: 0 | AL37: 125.33 | AM37: 0 | AN37: 0 | AO37: 0 | AP37: 0 | AQ37: 0 | AR37: 0 | AS37: 0 | AT37: 93 | AU37: 61 | AV37: 1 | AW37: 1 | AZ37: 1 | BA37: 1 | BB37: 1 | BC37: 8.89 | BH37: 0 | BI37: 1 | BJ37: 1.4-6-1 | BM37: 1617 | BN37: 0 | BO37: 1.4-6-1 | BP37: 1 | BQ37: 200 | BR37: 0 | BS37: 1 | BT37: 1 | BU37: 1 | BV37: 1 | BW37: 1 | BX37: 1 | BZ37: 93 | CA37: 61 | CE37: 0 | CF37: 0 | CG37: 0 | CM37: 0 | CO37: 0 | CP37: =(P37+Q37+S37) -> 389741.46 | CQ37: =(AC37*BC37*AW37) -> 1114.1837 | CR37: =((ET37)*BB37*AV37) -> 0 | CS37: =(AE37*BS37*AV37) -> 0 | CT37: =(AF37*BA37*AV37) -> 0 | CU37: =AG37 -> 0 | CV37: =(AH37*AV37) -> 0 | CW37: =AI37 -> 0 | CX37: =AJ37 -> 0 | CY37: =(S37+R37)*(BZ37/100) -> 0 | CZ37: =(S37+R37)*(CA37/100) -> 0 | DN37: 93 | DO37: 61 | DP37: 1 | DQ37: 1 | DU37: 1007 | DV37: м3 | DW37: м3 | DX37: 1 | EE37: 86332245 | EF37: 200 | EG37: Материалы строительные | EH37: 0 | EJ37: 1 | EK37: 1617 | EL37: ТСН-2001.1 Материалы строительные | EM37: ТСН-2001.1-1 | EQ37: 0 | ER37: 0 | ES37: 125.33 | ET37: 0 | EU37: 0 | EV37: 0 | EW37: 0 | EX37: 0 | EY37: 0 | FQ37: 0 | FR37: 0 | FS37: 0 | FX37: 93 | FY37: 61 | GD37: 1 | GF37: -1341050472 | GG37: 2 | GH37: 0 | GI37: -2 | GJ37: 0 | GK37: 0 | GL37: =ROUND(IF(AND(BH37=3,BI37=3,FS37<>0),P37,0),2) -> 0 | GM37: =ROUND(O37+X37+Y37,2)+GX37 -> 389741.46 | GN37: =IF(OR(BI37=0,BI37=1),GM37-GX37,0) -> 389741.46 | GO37: =IF(BI37=2,GM37-GX37,0) -> 0 | GP37: =IF(BI37=4,GM37-GX37,0) -> 0 | GR37: 0 | GS37: 3 | GT37: 0 | GV37: =(GT37) -> 0 | GW37: 8.89 | GX37: =ROUND(HC37*I37,2) -> 0 | HA37: 0 | HB37: 0 | HC37: =GV37*GW37 -> 0 | HS37: 0 | IK37: 0
A39: 51 | B39: =B24 -> 1 | C39: =A24 -> 4 | D39: =ROW(A24) -> 24 | F39: =IF(F24<>"",F24,"") -> 1 | G39: =IF(G24<>"",G24,"") -> Восстановление газона | H39: 0 | O39: =ROUND(AB39,2) -> 76161.85 | P39: =ROUND(AC39,2) -> 57019.13 | Q39: =ROUND(AD39,2) -> 0 | R39: =ROUND(AE39,2) -> 0 | S39: =ROUND(AF39,2) -> 19142.72 | T39: =ROUND(AG39,2) -> 0 | U39: =AH39 -> 1817.4276 | V39: =AI39 -> 0 | W39: =ROUND(AJ39,2) -> 0 | X39: =ROUND(AK39,2) -> 17802.73 | Y39: =ROUND(AL39,2) -> 11677.06 | AB39: =ROUND(SUMIF(AA28:AA37,"=86516527",O28:O37),2) -> 76161.85 | AC39: =ROUND(SUMIF(AA28:AA37,"=86516527",P28:P37),2) -> 57019.13 | AD39: =ROUND(SUMIF(AA28:AA37,"=86516527",Q28:Q37),2) -> 0 | AE39: =ROUND(SUMIF(AA28:AA37,"=86516527",R28:R37),2) -> 0 | AF39: =ROUND(SUMIF(AA28:AA37,"=86516527",S28:S37),2) -> 19142.72 | AG39: =ROUND(SUMIF(AA28:AA37,"=86516527",T28:T37),2) -> 0 | AH39: =SUMIF(AA28:AA37,"=86516527",U28:U37) -> 1817.4276 | AI39: =SUMIF(AA28:AA37,"=86516527",V28:V37) -> 0 | AJ39: =ROUND(SUMIF(AA28:AA37,"=86516527",W28:W37),2) -> 0 | AK39: =ROUND(SUMIF(AA28:AA37,"=86516527",X28:X37),2) -> 17802.73 | AL39: =ROUND(SUMIF(AA28:AA37,"=86516527",Y28:Y37),2) -> 11677.06 | AO39: =ROUND(BX39,2) -> 0 | AP39: =ROUND(BY39,2) -> 0 | AQ39: =ROUND(BZ39,2) -> 0 | AR39: =ROUND(CA39,2) -> 105641.64 | AS39: =ROUND(CB39,2) -> 105641.64 | AT39: =ROUND(CC39,2) -> 0 | AU39: =ROUND(CD39,2) -> 0 | AV39: =ROUND(CE39,2) -> 57019.13 | ... BD39: =ROUND(CM39,2) -> 0 | BX39: =ROUND(SUMIF(AA28:AA37,"=86516527",FQ28:FQ37),2) -> 0 | BY39: =ROUND(SUMIF(AA28:AA37,"=86516527",FR28:FR37),2) -> 0 | BZ39: =ROUND(SUMIF(AA28:AA37,"=86516527",GL28:GL37),2) -> 0 | CA39: =ROUND(SUMIF(AA28:AA37,"=86516527",GM28:GM37),2) -> 105641.64 | CB39: =ROUND(SUMIF(AA28:AA37,"=86516527",GN28:GN37),2) -> 105641.64 | CC39: =ROUND(SUMIF(AA28:AA37,"=86516527",GO28:GO37),2) -> 0 | CD39: =ROUND(SUMIF(AA28:AA37,"=86516527",GP28:GP37),2) -> 0 | CE39: =AC39-BX39 -> 57019.13 | CF39: =AC39-BY39 -> 57019.13 | CG39: =BX39-BZ39 -> 0 | CH39: =AC39-BX39-BY39+BZ39 -> 57019.13 | CI39: =BY39-BZ39 -> 0 | CJ39: =ROUND(SUMIF(AA28:AA37,"=86516527",GX28:GX37),2) -> 0 | CK39: =ROUND(SUMIF(AA28:AA37,"=86516527",GY28:GY37),2) -> 0 | CL39: =ROUND(SUMIF(AA28:AA37,"=86516527",GZ28:GZ37),2) -> 0 | CM39: =ROUND(SUMIF(AA28:AA37,"=86516527",HD28:HD37),2) -> 0 | DG39: =ROUND(DT39,2) -> 1554143 | DH39: =ROUND(DU39,2) -> 448459.46 | DI39: =ROUND(DV39,2) -> 0 | DJ39: =ROUND(DW39,2) -> 0 | DK39: =ROUND(DX39,2) -> 1105683.5 | DL39: =ROUND(DY39,2) -> 0 | DM39: =DZ39 -> 1817.4276 | DN39: =EA39 -> 0 | DO39: =ROUND(EB39,2) -> 0 | DP39: =ROUND(EC39,2) -> 1028285.7 | DQ39: =ROUND(ED39,2) -> 674466.94 | DT39: =ROUND(SUMIF(AA28:AA37,"=86516528",O28:O37),2) -> 1554143 | DU39: =ROUND(SUMIF(AA28:AA37,"=86516528",P28:P37),2) -> 448459.46 | DV39: =ROUND(SUMIF(AA28:AA37,"=86516528",Q28:Q37),2) -> 0 | DW39: =ROUND(SUMIF(AA28:AA37,"=86516528",R28:R37),2) -> 0 | DX39: =ROUND(SUMIF(AA28:AA37,"=86516528",S28:S37),2) -> 1105683.5 | DY39: =ROUND(SUMIF(AA28:AA37,"=86516528",T28:T37),2) -> 0 | DZ39: =SUMIF(AA28:AA37,"=86516528",U28:U37) -> 1817.4276 | EA39: =SUMIF(AA28:AA37,"=86516528",V28:V37) -> 0 | EB39: =ROUND(SUMIF(AA28:AA37,"=86516528",W28:W37),2) -> 0 | EC39: =ROUND(SUMIF(AA28:AA37,"=86516528",X28:X37),2) -> 1028285.7 | ED39: =ROUND(SUMIF(AA28:AA37,"=86516528",Y28:Y37),2) -> 674466.94 | EG39: =ROUND(FP39,2) -> 0 | EH39: =ROUND(FQ39,2) -> 0 | EI39: =ROUND(FR39,2) -> 0 | EJ39: =ROUND(FS39,2) -> 3256895.6 | EK39: =ROUND(FT39,2) -> 3256895.6 | EL39: =ROUND(FU39,2) -> 0 | EM39: =ROUND(FV39,2) -> 0 | EN39: =ROUND(FW39,2) -> 448459.46 | ... EV39: =ROUND(GE39,2) -> 0 | FP39: =ROUND(SUMIF(AA28:AA37,"=86516528",FQ28:FQ37),2) -> 0 | FQ39: =ROUND(SUMIF(AA28:AA37,"=86516528",FR28:FR37),2) -> 0 | FR39: =ROUND(SUMIF(AA28:AA37,"=86516528",GL28:GL37),2) -> 0 | FS39: =ROUND(SUMIF(AA28:AA37,"=86516528",GM28:GM37),2) -> 3256895.6 | FT39: =ROUND(SUMIF(AA28:AA37,"=86516528",GN28:GN37),2) -> 3256895.6 | FU39: =ROUND(SUMIF(AA28:AA37,"=86516528",GO28:GO37),2) -> 0 | FV39: =ROUND(SUMIF(AA28:AA37,"=86516528",GP28:GP37),2) -> 0 | FW39: =DU39-FP39 -> 448459.46 | FX39: =DU39-FQ39 -> 448459.46 | FY39: =FP39-FR39 -> 0 | FZ39: =DU39-FP39-FQ39+FR39 -> 448459.46 | GA39: =FQ39-FR39 -> 0 | GB39: =ROUND(SUMIF(AA28:AA37,"=86516528",GX28:GX37),2) -> 0 | GC39: =ROUND(SUMIF(AA28:AA37,"=86516528",GY28:GY37),2) -> 0 | GD39: =ROUND(SUMIF(AA28:AA37,"=86516528",GZ28:GZ37),2) -> 0 | GE39: =ROUND(SUMIF(AA28:AA37,"=86516528",HD28:HD37),2) -> 0 | GX39: 0
A41: 50 | B41: 0 | C41: 0 | D41: 1 | E41: 201 | F41: =ROUND(Source!O39,O41) -> 76161.85 | G41: ПЗ | H41: Прямые затраты | K41: 201 | L41: 1 | M41: 3 | O41: 2 | P41: =ROUND(Source!DG39,O41) -> 1554143 | W41: 76161.85 | X41: 1 | Y41: 76161.85 | Z41: 1554143 | AA41: 1 | AB41: 1554143
A42: 50 | B42: 0 | C42: 0 | D42: 1 | E42: 202 | F42: =ROUND(Source!P39,O42) -> 57019.13 | G42: СтМатОб | H42: Стоимость материальных ресурсов (всего) | K42: 202 | L42: 2 | M42: 3 | O42: 2 | P42: =ROUND(Source!DH39,O42) -> 448459.46 | W42: 57019.13 | X42: 1 | Y42: 57019.13 | Z42: 448459.46 | AA42: 1 | AB42: 448459.46
A43: 50 | B43: 0 | C43: 0 | D43: 1 | E43: 222 | F43: =ROUND(Source!AO39,O43) -> 0 | G43: СтМатОбЗак | H43: Стоимость материалов и оборудования заказчика | K43: 222 | L43: 3 | M43: 3 | O43: 2 | P43: =ROUND(Source!EG39,O43) -> 0 | W43: 0 | X43: 1 | Y43: 0 | Z43: 0 | AA43: 1 | AB43: 0
A44: 50 | B44: 0 | C44: 0 | D44: 1 | E44: 225 | F44: =ROUND(Source!AV39,O44) -> 57019.13 | G44: СтМатОбПод | H44: Стоимость материалов и оборудования подрядчика | K44: 225 | L44: 4 | M44: 3 | O44: 2 | P44: =ROUND(Source!EN39,O44) -> 448459.46 | W44: 57019.13 | X44: 1 | Y44: 57019.13 | Z44: 448459.46 | AA44: 1 | AB44: 448459.46
A45: 50 | B45: 0 | C45: 0 | D45: 1 | E45: 226 | F45: =ROUND(Source!AW39,O45) -> 57019.13 | G45: СтМат | H45: Стоимость материалов (всего) | K45: 226 | L45: 5 | M45: 3 | O45: 2 | P45: =ROUND(Source!EO39,O45) -> 448459.46 | W45: 57019.13 | X45: 1 | Y45: 57019.13 | Z45: 448459.46 | AA45: 1 | AB45: 448459.46
A46: 50 | B46: 0 | C46: 0 | D46: 1 | E46: 227 | F46: =ROUND(Source!AX39,O46) -> 0 | G46: СтМатЗак | H46: Стоимость материалов заказчика | K46: 227 | L46: 6 | M46: 3 | O46: 2 | P46: =ROUND(Source!EP39,O46) -> 0 | W46: 0 | X46: 1 | Y46: 0 | Z46: 0 | AA46: 1 | AB46: 0
A47: 50 | B47: 0 | C47: 0 | D47: 1 | E47: 228 | F47: =ROUND(Source!AY39,O47) -> 57019.13 | G47: СтМатПод | H47: Стоимость материалов подрядчика | K47: 228 | L47: 7 | M47: 3 | O47: 2 | P47: =ROUND(Source!EQ39,O47) -> 448459.46 | W47: 57019.13 | X47: 1 | Y47: 57019.13 | Z47: 448459.46 | AA47: 1 | AB47: 448459.46
A48: 50 | B48: 0 | C48: 0 | D48: 1 | E48: 216 | F48: =ROUND(Source!AP39,O48) -> 0 | G48: Оборуд | H48: Стоимость оборудования (всего) | K48: 216 | L48: 8 | M48: 3 | O48: 2 | P48: =ROUND(Source!EH39,O48) -> 0 | W48: 0 | X48: 1 | Y48: 0 | Z48: 0 | AA48: 1 | AB48: 0
A49: 50 | B49: 0 | C49: 0 | D49: 1 | E49: 223 | F49: =ROUND(Source!AQ39,O49) -> 0 | G49: ОборудЗак | H49: Стоимость оборудования заказчика | K49: 223 | L49: 9 | M49: 3 | O49: 2 | P49: =ROUND(Source!EI39,O49) -> 0 | W49: 0 | X49: 1 | Y49: 0 | Z49: 0 | AA49: 1 | AB49: 0
A50: 50 | B50: 0 | C50: 0 | D50: 1 | E50: 229 | F50: =ROUND(Source!AZ39,O50) -> 0 | G50: ОборудПод | H50: Стоимость оборудования подрядчика | K50: 229 | L50: 10 | M50: 3 | O50: 2 | P50: =ROUND(Source!ER39,O50) -> 0 | W50: 0 | X50: 1 | Y50: 0 | Z50: 0 | AA50: 1 | AB50: 0
A51: 50 | B51: 0 | C51: 0 | D51: 1 | E51: 203 | F51: =ROUND(Source!Q39,O51) -> 0 | G51: ЭММ | H51: Эксплуатация машин | K51: 203 | L51: 11 | M51: 3 | O51: 2 | P51: =ROUND(Source!DI39,O51) -> 0 | W51: 0 | X51: 1 | Y51: 0 | Z51: 0 | AA51: 1 | AB51: 0
A52: 50 | B52: 0 | C52: 0 | D52: 1 | E52: 231 | F52: =ROUND(Source!BB39,O52) -> 0 | G52: ЭММсНРиСП | H52: Эксплуатация машин по ТСН-2001.16 | K52: 231 | L52: 12 | M52: 3 | O52: 2 | P52: =ROUND(Source!ET39,O52) -> 0 | W52: 0 | X52: 1 | Y52: 0 | Z52: 0 | AA52: 1 | AB52: 0
A53: 50 | B53: 0 | C53: 0 | D53: 1 | E53: 204 | F53: =ROUND(Source!R39,O53) -> 0 | G53: ЗПМ | H53: ЗП машинистов | K53: 204 | L53: 13 | M53: 3 | O53: 2 | P53: =ROUND(Source!DJ39,O53) -> 0 | W53: 0 | X53: 1 | Y53: 0 | Z53: 0 | AA53: 1 | AB53: 0
A54: 50 | B54: 0 | C54: 0 | D54: 1 | E54: 205 | F54: =ROUND(Source!S39,O54) -> 19142.72 | G54: ОЗП | H54: Основная ЗП рабочих | K54: 205 | L54: 14 | M54: 3 | O54: 2 | P54: =ROUND(Source!DK39,O54) -> 1105683.5 | W54: 19142.72 | X54: 1 | Y54: 19142.72 | Z54: 1105683.5 | AA54: 1 | AB54: 1105683.5
A55: 50 | B55: 0 | C55: 0 | D55: 1 | E55: 232 | F55: =ROUND(Source!BC39,O55) -> 0 | G55: ОЗПсНРиСП | H55: Основная ЗП рабочих по ТСН-2001.16 | K55: 232 | L55: 15 | M55: 3 | O55: 2 | P55: =ROUND(Source!EU39,O55) -> 0 | W55: 0 | X55: 1 | Y55: 0 | Z55: 0 | AA55: 1 | AB55: 0
A56: 50 | B56: 0 | C56: 0 | D56: 1 | E56: 214 | F56: =ROUND(Source!AS39,O56) -> 105641.64 | G56: Строит | H56: Строительные работы с НР и СП | K56: 214 | L56: 16 | M56: 3 | O56: 2 | P56: =ROUND(Source!EK39,O56) -> 3256895.6 | W56: 105641.64 | X56: 1 | Y56: 105641.64 | Z56: 3256895.6 | AA56: 1 | AB56: 3256895.6
A57: 50 | B57: 0 | C57: 0 | D57: 1 | E57: 215 | F57: =ROUND(Source!AT39,O57) -> 0 | G57: Монтаж | H57: Монтажные работы с НР и СП | K57: 215 | L57: 17 | M57: 3 | O57: 2 | P57: =ROUND(Source!EL39,O57) -> 0 | W57: 0 | X57: 1 | Y57: 0 | Z57: 0 | AA57: 1 | AB57: 0
A58: 50 | B58: 0 | C58: 0 | D58: 1 | E58: 217 | F58: =ROUND(Source!AU39,O58) -> 0 | G58: Прочие | H58: Прочие работы с НР и СП | K58: 217 | L58: 18 | M58: 3 | O58: 2 | P58: =ROUND(Source!EM39,O58) -> 0 | W58: 0 | X58: 1 | Y58: 0 | Z58: 0 | AA58: 1 | AB58: 0
A59: 50 | B59: 0 | C59: 0 | D59: 1 | E59: 230 | F59: =ROUND(Source!BA39,O59) -> 0 | G59: ПрочиеЗатр | H59: Прочие затраты по ТСН-2001.16 | K59: 230 | L59: 19 | M59: 3 | O59: 2 | P59: =ROUND(Source!ES39,O59) -> 0 | W59: 0 | X59: 1 | Y59: 0 | Z59: 0 | AA59: 1 | AB59: 0
A60: 50 | B60: 0 | C60: 0 | D60: 1 | E60: 206 | F60: =ROUND(Source!T39,O60) -> 0 | G60: ВозврМат | H60: Возврат материалов | K60: 206 | L60: 20 | M60: 3 | O60: 2 | P60: =ROUND(Source!DL39,O60) -> 0 | W60: 0 | X60: 1 | Y60: 0 | Z60: 0 | AA60: 1 | AB60: 0
A61: 50 | B61: 0 | C61: 0 | D61: 1 | E61: 207 | F61: =Source!U39 -> 1817.4276 | G61: ТрудСтр | H61: Трудозатраты строителей | K61: 207 | L61: 21 | M61: 3 | O61: -1 | P61: =Source!DM39 -> 1817.4276 | W61: 1817.4276 | X61: 1 | Y61: 1817.4276 | Z61: 1817.4276 | AA61: 1 | AB61: 1817.4276
A62: 50 | B62: 0 | C62: 0 | D62: 1 | E62: 208 | F62: =Source!V39 -> 0 | G62: ТрудМаш | H62: Трудозатраты машинистов | K62: 208 | L62: 22 | M62: 3 | O62: -1 | P62: =Source!DN39 -> 0 | W62: 0 | X62: 1 | Y62: 0 | Z62: 0 | AA62: 1 | AB62: 0
A63: 50 | B63: 0 | C63: 0 | D63: 1 | E63: 209 | F63: =ROUND(Source!W39,O63) -> 0 | G63: ТранспМат | H63: Транспорт материалов | K63: 209 | L63: 23 | M63: 3 | O63: 2 | P63: =ROUND(Source!DO39,O63) -> 0 | W63: 0 | X63: 1 | Y63: 0 | Z63: 0 | AA63: 1 | AB63: 0
A64: 50 | B64: 0 | C64: 0 | D64: 1 | E64: 233 | F64: =ROUND(Source!BD39,O64) -> 0 | G64: Перевозка | H64: Перевозка грузов | K64: 233 | L64: 24 | M64: 3 | O64: 2 | P64: =ROUND(Source!EV39,O64) -> 0 | W64: 0 | X64: 1 | Y64: 0 | Z64: 0 | AA64: 1 | AB64: 0
A65: 50 | B65: 0 | C65: 0 | D65: 1 | E65: 210 | F65: =ROUND(Source!X39,O65) -> 17802.73 | G65: НР | H65: Накладные расходы | K65: 210 | L65: 25 | M65: 3 | O65: 2 | P65: =ROUND(Source!DP39,O65) -> 1028285.7 | W65: 17802.73 | X65: 1 | Y65: 17802.73 | Z65: 1028285.7 | AA65: 1 | AB65: 1028285.7
A66: 50 | B66: 0 | C66: 0 | D66: 1 | E66: 211 | F66: =ROUND(Source!Y39,O66) -> 11677.06 | G66: СмПриб | H66: Сметная прибыль | K66: 211 | L66: 26 | M66: 3 | O66: 2 | P66: =ROUND(Source!DQ39,O66) -> 674466.94 | W66: 11677.06 | X66: 1 | Y66: 11677.06 | Z66: 674466.94 | AA66: 1 | AB66: 674466.94
A67: 50 | B67: 0 | C67: 0 | D67: 1 | E67: 224 | F67: =ROUND(Source!AR39,O67) -> 105641.64 | G67: Всего | H67: Всего с НР и СП | K67: 224 | L67: 27 | M67: 3 | O67: 2 | P67: =ROUND(Source!EJ39,O67) -> 3256895.6 | W67: 105641.64 | X67: 1 | Y67: 105641.64 | Z67: 3256895.6 | AA67: 1 | AB67: 3256895.6
A69: 51 | B69: =B20 -> 1 | C69: =A20 -> 3 | D69: =ROW(A20) -> 20 | F69: =IF(F20<>"",F20,"") -> ЛС-07-01-01 | G69: =IF(G20<>"",G20,"") -> Благоустройство и озеленение: восстановление газона | H69: 0 | O69: =ROUND(O39+AB69,2) -> 76161.85 | P69: =ROUND(P39+AC69,2) -> 57019.13 | Q69: =ROUND(Q39+AD69,2) -> 0 | R69: =ROUND(R39+AE69,2) -> 0 | S69: =ROUND(S39+AF69,2) -> 19142.72 | T69: =ROUND(T39+AG69,2) -> 0 | U69: =U39+AH69 -> 1817.4276 | V69: =V39+AI69 -> 0 | W69: =ROUND(W39+AJ69,2) -> 0 | X69: =ROUND(X39+AK69,2) -> 17802.73 | Y69: =ROUND(Y39+AL69,2) -> 11677.06 | AO69: =ROUND(AO39+BX69,2) -> 0 | AP69: =ROUND(AP39+BY69,2) -> 0 | AQ69: =ROUND(AQ39+BZ69,2) -> 0 | AR69: =ROUND(AR39+CA69,2) -> 105641.64 | AS69: =ROUND(AS39+CB69,2) -> 105641.64 | AT69: =ROUND(AT39+CC69,2) -> 0 | AU69: =ROUND(AU39+CD69,2) -> 0 | AV69: =ROUND(AV39+CE69,2) -> 57019.13 | ... BD69: =ROUND(BD39+CM69,2) -> 0 | DG69: =ROUND(DG39+DT69,2) -> 1554143 | DH69: =ROUND(DH39+DU69,2) -> 448459.46 | DI69: =ROUND(DI39+DV69,2) -> 0 | DJ69: =ROUND(DJ39+DW69,2) -> 0 | DK69: =ROUND(DK39+DX69,2) -> 1105683.5 | DL69: =ROUND(DL39+DY69,2) -> 0 | DM69: =DM39+DZ69 -> 1817.4276 | DN69: =DN39+EA69 -> 0 | DO69: =ROUND(DO39+EB69,2) -> 0 | DP69: =ROUND(DP39+EC69,2) -> 1028285.7 | DQ69: =ROUND(DQ39+ED69,2) -> 674466.94 | EG69: =ROUND(EG39+FP69,2) -> 0 | EH69: =ROUND(EH39+FQ69,2) -> 0 | EI69: =ROUND(EI39+FR69,2) -> 0 | EJ69: =ROUND(EJ39+FS69,2) -> 3256895.6 | EK69: =ROUND(EK39+FT69,2) -> 3256895.6 | EL69: =ROUND(EL39+FU69,2) -> 0 | EM69: =ROUND(EM39+FV69,2) -> 0 | EN69: =ROUND(EN39+FW69,2) -> 448459.46 | ... EV69: =ROUND(EV39+GE69,2) -> 0 | GX69: 0
A71: 50 | B71: 0 | C71: 0 | D71: 1 | E71: 201 | F71: =ROUND(Source!O69,O71) -> 76161.85 | G71: ПЗ | H71: Прямые затраты | K71: 201 | L71: 1 | M71: 3 | O71: 2 | P71: =ROUND(Source!DG69,O71) -> 1554143 | W71: 76161.85 | X71: 1 | Y71: 76161.85 | Z71: 1554143 | AA71: 1 | AB71: 1554143
A72: 50 | B72: 0 | C72: 0 | D72: 1 | E72: 202 | F72: =ROUND(Source!P69,O72) -> 57019.13 | G72: СтМатОб | H72: Стоимость материальных ресурсов (всего) | K72: 202 | L72: 2 | M72: 3 | O72: 2 | P72: =ROUND(Source!DH69,O72) -> 448459.46 | W72: 57019.13 | X72: 1 | Y72: 57019.13 | Z72: 448459.46 | AA72: 1 | AB72: 448459.46
A73: 50 | B73: 0 | C73: 0 | D73: 1 | E73: 222 | F73: =ROUND(Source!AO69,O73) -> 0 | G73: СтМатОбЗак | H73: Стоимость материалов и оборудования заказчика | K73: 222 | L73: 3 | M73: 3 | O73: 2 | P73: =ROUND(Source!EG69,O73) -> 0 | W73: 0 | X73: 1 | Y73: 0 | Z73: 0 | AA73: 1 | AB73: 0
A74: 50 | B74: 0 | C74: 0 | D74: 1 | E74: 225 | F74: =ROUND(Source!AV69,O74) -> 57019.13 | G74: СтМатОбПод | H74: Стоимость материалов и оборудования подрядчика | K74: 225 | L74: 4 | M74: 3 | O74: 2 | P74: =ROUND(Source!EN69,O74) -> 448459.46 | W74: 57019.13 | X74: 1 | Y74: 57019.13 | Z74: 448459.46 | AA74: 1 | AB74: 448459.46
A75: 50 | B75: 0 | C75: 0 | D75: 1 | E75: 226 | F75: =ROUND(Source!AW69,O75) -> 57019.13 | G75: СтМат | H75: Стоимость материалов (всего) | K75: 226 | L75: 5 | M75: 3 | O75: 2 | P75: =ROUND(Source!EO69,O75) -> 448459.46 | W75: 57019.13 | X75: 1 | Y75: 57019.13 | Z75: 448459.46 | AA75: 1 | AB75: 448459.46
A76: 50 | B76: 0 | C76: 0 | D76: 1 | E76: 227 | F76: =ROUND(Source!AX69,O76) -> 0 | G76: СтМатЗак | H76: Стоимость материалов заказчика | K76: 227 | L76: 6 | M76: 3 | O76: 2 | P76: =ROUND(Source!EP69,O76) -> 0 | W76: 0 | X76: 1 | Y76: 0 | Z76: 0 | AA76: 1 | AB76: 0
A77: 50 | B77: 0 | C77: 0 | D77: 1 | E77: 228 | F77: =ROUND(Source!AY69,O77) -> 57019.13 | G77: СтМатПод | H77: Стоимость материалов подрядчика | K77: 228 | L77: 7 | M77: 3 | O77: 2 | P77: =ROUND(Source!EQ69,O77) -> 448459.46 | W77: 57019.13 | X77: 1 | Y77: 57019.13 | Z77: 448459.46 | AA77: 1 | AB77: 448459.46
A78: 50 | B78: 0 | C78: 0 | D78: 1 | E78: 216 | F78: =ROUND(Source!AP69,O78) -> 0 | G78: Оборуд | H78: Стоимость оборудования (всего) | K78: 216 | L78: 8 | M78: 3 | O78: 2 | P78: =ROUND(Source!EH69,O78) -> 0 | W78: 0 | X78: 1 | Y78: 0 | Z78: 0 | AA78: 1 | AB78: 0
A79: 50 | B79: 1 | C79: 0 | D79: 1 | E79: 223 | F79: =ROUND(Source!AQ69,O79) -> 0 | G79: ОборудЗак | H79: Стоимость оборудования заказчика | K79: 223 | L79: 9 | M79: 0 | O79: 2 | P79: =ROUND(Source!EI69,O79) -> 0 | W79: 0 | X79: 1 | Y79: 0 | Z79: 0 | AA79: 1 | AB79: 0
A80: 50 | B80: 0 | C80: 0 | D80: 1 | E80: 229 | F80: =ROUND(Source!AZ69,O80) -> 0 | G80: ОборудПод | H80: Стоимость оборудования подрядчика | K80: 229 | L80: 10 | M80: 3 | O80: 2 | P80: =ROUND(Source!ER69,O80) -> 0 | W80: 0 | X80: 1 | Y80: 0 | Z80: 0 | AA80: 1 | AB80: 0
A81: 50 | B81: 0 | C81: 0 | D81: 1 | E81: 203 | F81: =ROUND(Source!Q69,O81) -> 0 | G81: ЭММ | H81: Эксплуатация машин | K81: 203 | L81: 11 | M81: 3 | O81: 2 | P81: =ROUND(Source!DI69,O81) -> 0 | W81: 0 | X81: 1 | Y81: 0 | Z81: 0 | AA81: 1 | AB81: 0
A82: 50 | B82: 0 | C82: 0 | D82: 1 | E82: 231 | F82: =ROUND(Source!BB69,O82) -> 0 | G82: ЭММсНРиСП | H82: Эксплуатация машин по ТСН-2001.16 | K82: 231 | L82: 12 | M82: 3 | O82: 2 | P82: =ROUND(Source!ET69,O82) -> 0 | W82: 0 | X82: 1 | Y82: 0 | Z82: 0 | AA82: 1 | AB82: 0
A83: 50 | B83: 0 | C83: 0 | D83: 1 | E83: 204 | F83: =ROUND(Source!R69,O83) -> 0 | G83: ЗПМ | H83: ЗП машинистов | K83: 204 | L83: 13 | M83: 3 | O83: 2 | P83: =ROUND(Source!DJ69,O83) -> 0 | W83: 0 | X83: 1 | Y83: 0 | Z83: 0 | AA83: 1 | AB83: 0
A84: 50 | B84: 0 | C84: 0 | D84: 1 | E84: 205 | F84: =ROUND(Source!S69,O84) -> 19142.72 | G84: ОЗП | H84: Основная ЗП рабочих | K84: 205 | L84: 14 | M84: 3 | O84: 2 | P84: =ROUND(Source!DK69,O84) -> 1105683.5 | W84: 19142.72 | X84: 1 | Y84: 19142.72 | Z84: 1105683.5 | AA84: 1 | AB84: 1105683.5
A85: 50 | B85: 0 | C85: 0 | D85: 1 | E85: 214 | F85: =ROUND(Source!AS69,O85) -> 105641.64 | G85: Строит | H85: Строительные работы с НР и СП | K85: 214 | L85: 15 | M85: 3 | O85: 2 | P85: =ROUND(Source!EK69,O85) -> 3256895.6 | W85: 105641.64 | X85: 1 | Y85: 105641.64 | Z85: 3256895.6 | AA85: 1 | AB85: 3256895.6
A86: 50 | B86: 0 | C86: 0 | D86: 1 | E86: 232 | F86: =ROUND(Source!BC69,O86) -> 0 | G86: ОЗПсНРиСП | H86: Основная ЗП рабочих по ТСН-2001.16 | K86: 232 | L86: 16 | M86: 3 | O86: 2 | P86: =ROUND(Source!EU69,O86) -> 0 | W86: 0 | X86: 1 | Y86: 0 | Z86: 0 | AA86: 1 | AB86: 0
A87: 50 | B87: 0 | C87: 0 | D87: 1 | E87: 215 | F87: =ROUND(Source!AT69,O87) -> 0 | G87: Монтаж | H87: Монтажные работы с НР и СП | K87: 215 | L87: 17 | M87: 3 | O87: 2 | P87: =ROUND(Source!EL69,O87) -> 0 | W87: 0 | X87: 1 | Y87: 0 | Z87: 0 | AA87: 1 | AB87: 0
A88: 50 | B88: 0 | C88: 0 | D88: 1 | E88: 217 | F88: =ROUND(Source!AU69,O88) -> 0 | G88: Прочие | H88: Прочие работы с НР и СП | K88: 217 | L88: 18 | M88: 3 | O88: 2 | P88: =ROUND(Source!EM69,O88) -> 0 | W88: 0 | X88: 1 | Y88: 0 | Z88: 0 | AA88: 1 | AB88: 0
A89: 50 | B89: 0 | C89: 0 | D89: 1 | E89: 230 | F89: =ROUND(Source!BA69,O89) -> 0 | G89: ПрочиеЗатр | H89: Прочие затраты по ТСН-2001.16 | K89: 230 | L89: 19 | M89: 3 | O89: 2 | P89: =ROUND(Source!ES69,O89) -> 0 | W89: 0 | X89: 1 | Y89: 0 | Z89: 0 | AA89: 1 | AB89: 0
A90: 50 | B90: 0 | C90: 0 | D90: 1 | E90: 206 | F90: =ROUND(Source!T69,O90) -> 0 | G90: ВозврМат | H90: Возврат материалов | K90: 206 | L90: 20 | M90: 3 | O90: 2 | P90: =ROUND(Source!DL69,O90) -> 0 | W90: 0 | X90: 1 | Y90: 0 | Z90: 0 | AA90: 1 | AB90: 0
A91: 50 | B91: 0 | C91: 0 | D91: 1 | E91: 207 | F91: =Source!U69 -> 1817.4276 | G91: ТрудСтр | H91: Трудозатраты строителей | K91: 207 | L91: 21 | M91: 3 | O91: -1 | P91: =Source!DM69 -> 1817.4276 | W91: 1817.4276 | X91: 1 | Y91: 1817.4276 | Z91: 1817.4276 | AA91: 1 | AB91: 1817.4276
A92: 50 | B92: 0 | C92: 0 | D92: 1 | E92: 208 | F92: =Source!V69 -> 0 | G92: ТрудМаш | H92: Трудозатраты машинистов | K92: 208 | L92: 22 | M92: 3 | O92: -1 | P92: =Source!DN69 -> 0 | W92: 0 | X92: 1 | Y92: 0 | Z92: 0 | AA92: 1 | AB92: 0
A93: 50 | B93: 0 | C93: 0 | D93: 1 | E93: 209 | F93: =ROUND(Source!W69,O93) -> 0 | G93: ТранспМат | H93: Транспорт материалов | K93: 209 | L93: 23 | M93: 3 | O93: 2 | P93: =ROUND(Source!DO69,O93) -> 0 | W93: 0 | X93: 1 | Y93: 0 | Z93: 0 | AA93: 1 | AB93: 0
A94: 50 | B94: 0 | C94: 0 | D94: 1 | E94: 233 | F94: =ROUND(Source!BD69,O94) -> 0 | G94: Перевозка | H94: Перевозка грузов | K94: 233 | L94: 24 | M94: 3 | O94: 2 | P94: =ROUND(Source!EV69,O94) -> 0 | W94: 0 | X94: 1 | Y94: 0 | Z94: 0 | AA94: 1 | AB94: 0
A95: 50 | B95: 0 | C95: 0 | D95: 1 | E95: 210 | F95: =ROUND(Source!X69,O95) -> 17802.73 | G95: НР | H95: Накладные расходы | K95: 210 | L95: 25 | M95: 3 | O95: 2 | P95: =ROUND(Source!DP69,O95) -> 1028285.7 | W95: 17802.73 | X95: 1 | Y95: 17802.73 | Z95: 1028285.7 | AA95: 1 | AB95: 1028285.7
A96: 50 | B96: 0 | C96: 0 | D96: 1 | E96: 211 | F96: =ROUND(Source!Y69,O96) -> 11677.06 | G96: СмПриб | H96: Сметная прибыль | K96: 211 | L96: 26 | M96: 3 | O96: 2 | P96: =ROUND(Source!DQ69,O96) -> 674466.94 | W96: 11677.06 | X96: 1 | Y96: 11677.06 | Z96: 674466.94 | AA96: 1 | AB96: 674466.94
A97: 50 | B97: 0 | C97: 0 | D97: 1 | E97: 224 | F97: =ROUND(Source!AR69,O97) -> 105641.64 | G97: Всего | H97: Всего с НР и СП | K97: 224 | L97: 27 | M97: 3 | O97: 2 | P97: =ROUND(Source!EJ69,O97) -> 3256895.6 | W97: 105641.64 | X97: 1 | Y97: 105641.64 | Z97: 3256895.6 | AA97: 1 | AB97: 3256895.6
A99: 51 | B99: =B12 -> 134 | C99: =A12 -> 1 | D99: =ROW(A12) -> 12 | F99: =IF(F12<>"",F12,"") -> ЛС-07-01-01 | G99: =IF(G12<>"",G12,"") -> Благоустройство и озеленение: восстановление газона | H99: 0 | O99: =ROUND(O69,2) -> 76161.85 | P99: =ROUND(P69,2) -> 57019.13 | Q99: =ROUND(Q69,2) -> 0 | R99: =ROUND(R69,2) -> 0 | S99: =ROUND(S69,2) -> 19142.72 | T99: =ROUND(T69,2) -> 0 | U99: =U69 -> 1817.4276 | V99: =V69 -> 0 | W99: =ROUND(W69,2) -> 0 | X99: =ROUND(X69,2) -> 17802.73 | Y99: =ROUND(Y69,2) -> 11677.06 | AO99: =ROUND(AO69,2) -> 0 | AP99: =ROUND(AP69,2) -> 0 | AQ99: =ROUND(AQ69,2) -> 0 | AR99: =ROUND(AR69,2) -> 105641.64 | AS99: =ROUND(AS69,2) -> 105641.64 | AT99: =ROUND(AT69,2) -> 0 | AU99: =ROUND(AU69,2) -> 0 | AV99: =ROUND(AV69,2) -> 57019.13 | ... BD99: =ROUND(BD69,2) -> 0 | DG99: =ROUND(DG69,2) -> 1554143 | DH99: =ROUND(DH69,2) -> 448459.46 | DI99: =ROUND(DI69,2) -> 0 | DJ99: =ROUND(DJ69,2) -> 0 | DK99: =ROUND(DK69,2) -> 1105683.5 | DL99: =ROUND(DL69,2) -> 0 | DM99: =DM69 -> 1817.4276 | DN99: =DN69 -> 0 | DO99: =ROUND(DO69,2) -> 0 | DP99: =ROUND(DP69,2) -> 1028285.7 | DQ99: =ROUND(DQ69,2) -> 674466.94 | EG99: =ROUND(EG69,2) -> 0 | EH99: =ROUND(EH69,2) -> 0 | EI99: =ROUND(EI69,2) -> 0 | EJ99: =ROUND(EJ69,2) -> 3256895.6 | EK99: =ROUND(EK69,2) -> 3256895.6 | EL99: =ROUND(EL69,2) -> 0 | EM99: =ROUND(EM69,2) -> 0 | EN99: =ROUND(EN69,2) -> 448459.46 | ... EV99: =ROUND(EV69,2) -> 0 | GX99: 0
A101: 50 | B101: 0 | C101: 0 | D101: 1 | E101: 201 | F101: =ROUND(Source!O99,O101) -> 76161.85 | G101: ПЗ | H101: Прямые затраты | K101: 201 | L101: 1 | M101: 3 | O101: 2 | P101: =ROUND(Source!DG99,O101) -> 1554143 | W101: 76161.85 | X101: 1 | Y101: 76161.85 | Z101: 1554143 | AA101: 1 | AB101: 1554143
A102: 50 | B102: 0 | C102: 0 | D102: 1 | E102: 202 | F102: =ROUND(Source!P99,O102) -> 57019.13 | G102: СтМатОб | H102: Стоимость материальных ресурсов (всего) | K102: 202 | L102: 2 | M102: 3 | O102: 2 | P102: =ROUND(Source!DH99,O102) -> 448459.46 | W102: 57019.13 | X102: 1 | Y102: 57019.13 | Z102: 448459.46 | AA102: 1 | AB102: 448459.46
A103: 50 | B103: 0 | C103: 0 | D103: 1 | E103: 222 | F103: =ROUND(Source!AO99,O103) -> 0 | G103: СтМатОбЗак | H103: Стоимость материалов и оборудования заказчика | K103: 222 | L103: 3 | M103: 3 | O103: 2 | P103: =ROUND(Source!EG99,O103) -> 0 | W103: 0 | X103: 1 | Y103: 0 | Z103: 0 | AA103: 1 | AB103: 0
A104: 50 | B104: 0 | C104: 0 | D104: 1 | E104: 225 | F104: =ROUND(Source!AV99,O104) -> 57019.13 | G104: СтМатОбПод | H104: Стоимость материалов и оборудования подрядчика | K104: 225 | L104: 4 | M104: 3 | O104: 2 | P104: =ROUND(Source!EN99,O104) -> 448459.46 | W104: 57019.13 | X104: 1 | Y104: 57019.13 | Z104: 448459.46 | AA104: 1 | AB104: 448459.46
A105: 50 | B105: 0 | C105: 0 | D105: 1 | E105: 226 | F105: =ROUND(Source!AW99,O105) -> 57019.13 | G105: СтМат | H105: Стоимость материалов (всего) | K105: 226 | L105: 5 | M105: 3 | O105: 2 | P105: =ROUND(Source!EO99,O105) -> 448459.46 | W105: 57019.13 | X105: 1 | Y105: 57019.13 | Z105: 448459.46 | AA105: 1 | AB105: 448459.46
A106: 50 | B106: 0 | C106: 0 | D106: 1 | E106: 227 | F106: =ROUND(Source!AX99,O106) -> 0 | G106: СтМатЗак | H106: Стоимость материалов заказчика | K106: 227 | L106: 6 | M106: 3 | O106: 2 | P106: =ROUND(Source!EP99,O106) -> 0 | W106: 0 | X106: 1 | Y106: 0 | Z106: 0 | AA106: 1 | AB106: 0
A107: 50 | B107: 0 | C107: 0 | D107: 1 | E107: 228 | F107: =ROUND(Source!AY99,O107) -> 57019.13 | G107: СтМатПод | H107: Стоимость материалов подрядчика | K107: 228 | L107: 7 | M107: 3 | O107: 2 | P107: =ROUND(Source!EQ99,O107) -> 448459.46 | W107: 57019.13 | X107: 1 | Y107: 57019.13 | Z107: 448459.46 | AA107: 1 | AB107: 448459.46
A108: 50 | B108: 0 | C108: 0 | D108: 1 | E108: 216 | F108: =ROUND(Source!AP99,O108) -> 0 | G108: Оборуд | H108: Стоимость оборудования (всего) | K108: 216 | L108: 8 | M108: 3 | O108: 2 | P108: =ROUND(Source!EH99,O108) -> 0 | W108: 0 | X108: 1 | Y108: 0 | Z108: 0 | AA108: 1 | AB108: 0
A109: 50 | B109: 0 | C109: 0 | D109: 1 | E109: 223 | F109: =ROUND(Source!AQ99,O109) -> 0 | G109: ОборудЗак | H109: Стоимость оборудования заказчика | K109: 223 | L109: 9 | M109: 3 | O109: 2 | P109: =ROUND(Source!EI99,O109) -> 0 | W109: 0 | X109: 1 | Y109: 0 | Z109: 0 | AA109: 1 | AB109: 0
A110: 50 | B110: 0 | C110: 0 | D110: 1 | E110: 229 | F110: =ROUND(Source!AZ99,O110) -> 0 | G110: ОборудПод | H110: Стоимость оборудования подрядчика | K110: 229 | L110: 10 | M110: 3 | O110: 2 | P110: =ROUND(Source!ER99,O110) -> 0 | W110: 0 | X110: 1 | Y110: 0 | Z110: 0 | AA110: 1 | AB110: 0
A111: 50 | B111: 0 | C111: 0 | D111: 1 | E111: 203 | F111: =ROUND(Source!Q99,O111) -> 0 | G111: ЭММ | H111: Эксплуатация машин | K111: 203 | L111: 11 | M111: 3 | O111: 2 | P111: =ROUND(Source!DI99,O111) -> 0 | W111: 0 | X111: 1 | Y111: 0 | Z111: 0 | AA111: 1 | AB111: 0
A112: 50 | B112: 0 | C112: 0 | D112: 1 | E112: 231 | F112: =ROUND(Source!BB99,O112) -> 0 | G112: ЭММсНРиСП | H112: Эксплуатация машин по ТСН-2001.16 | K112: 231 | L112: 12 | M112: 3 | O112: 2 | P112: =ROUND(Source!ET99,O112) -> 0 | W112: 0 | X112: 1 | Y112: 0 | Z112: 0 | AA112: 1 | AB112: 0
A113: 50 | B113: 0 | C113: 0 | D113: 1 | E113: 204 | F113: =ROUND(Source!R99,O113) -> 0 | G113: ЗПМ | H113: ЗП машинистов | K113: 204 | L113: 13 | M113: 3 | O113: 2 | P113: =ROUND(Source!DJ99,O113) -> 0 | W113: 0 | X113: 1 | Y113: 0 | Z113: 0 | AA113: 1 | AB113: 0
A114: 50 | B114: 0 | C114: 0 | D114: 1 | E114: 205 | F114: =ROUND(Source!S99,O114) -> 19142.72 | G114: ОЗП | H114: Основная ЗП рабочих | K114: 205 | L114: 14 | M114: 3 | O114: 2 | P114: =ROUND(Source!DK99,O114) -> 1105683.5 | W114: 19142.72 | X114: 1 | Y114: 19142.72 | Z114: 1105683.5 | AA114: 1 | AB114: 1105683.5
A115: 50 | B115: 0 | C115: 0 | D115: 1 | E115: 232 | F115: =ROUND(Source!BC99,O115) -> 0 | G115: ОЗПсНРиСП | H115: Основная ЗП рабочих по ТСН-2001.16 | K115: 232 | L115: 15 | M115: 3 | O115: 2 | P115: =ROUND(Source!EU99,O115) -> 0 | W115: 0 | X115: 1 | Y115: 0 | Z115: 0 | AA115: 1 | AB115: 0
A116: 50 | B116: 0 | C116: 0 | D116: 1 | E116: 214 | F116: =ROUND(Source!AS99,O116) -> 105641.64 | G116: Строит | H116: Строительные работы с НР и СП | K116: 214 | L116: 16 | M116: 3 | O116: 2 | P116: =ROUND(Source!EK99,O116) -> 3256895.6 | W116: 105641.64 | X116: 1 | Y116: 105641.64 | Z116: 3256895.6 | AA116: 1 | AB116: 3256895.6
A117: 50 | B117: 0 | C117: 0 | D117: 1 | E117: 215 | F117: =ROUND(Source!AT99,O117) -> 0 | G117: Монтаж | H117: Монтажные работы с НР и СП | K117: 215 | L117: 17 | M117: 3 | O117: 2 | P117: =ROUND(Source!EL99,O117) -> 0 | W117: 0 | X117: 1 | Y117: 0 | Z117: 0 | AA117: 1 | AB117: 0
A118: 50 | B118: 0 | C118: 0 | D118: 1 | E118: 217 | F118: =ROUND(Source!AU99,O118) -> 0 | G118: Прочие | H118: Прочие работы с НР и СП | K118: 217 | L118: 18 | M118: 3 | O118: 2 | P118: =ROUND(Source!EM99,O118) -> 0 | W118: 0 | X118: 1 | Y118: 0 | Z118: 0 | AA118: 1 | AB118: 0
A119: 50 | B119: 0 | C119: 0 | D119: 1 | E119: 230 | F119: =ROUND(Source!BA99,O119) -> 0 | G119: ПрочиеЗатр | H119: Прочие затраты по ТСН-2001.16 | K119: 230 | L119: 19 | M119: 3 | O119: 2 | P119: =ROUND(Source!ES99,O119) -> 0 | W119: 0 | X119: 1 | Y119: 0 | Z119: 0 | AA119: 1 | AB119: 0
A120: 50 | B120: 0 | C120: 0 | D120: 1 | E120: 206 | F120: =ROUND(Source!T99,O120) -> 0 | G120: ВозврМат | H120: Возврат материалов | K120: 206 | L120: 20 | M120: 3 | O120: 2 | P120: =ROUND(Source!DL99,O120) -> 0 | W120: 0 | X120: 1 | Y120: 0 | Z120: 0 | AA120: 1 | AB120: 0
A121: 50 | B121: 0 | C121: 0 | D121: 1 | E121: 207 | F121: =Source!U99 -> 1817.4276 | G121: ТрудСтр | H121: Трудозатраты строителей | K121: 207 | L121: 21 | M121: 3 | O121: -1 | P121: =Source!DM99 -> 1817.4276 | W121: 1817.4276 | X121: 1 | Y121: 1817.4276 | Z121: 1817.4276 | AA121: 1 | AB121: 1817.4276
A122: 50 | B122: 0 | C122: 0 | D122: 1 | E122: 208 | F122: =Source!V99 -> 0 | G122: ТрудМаш | H122: Трудозатраты машинистов | K122: 208 | L122: 22 | M122: 3 | O122: -1 | P122: =Source!DN99 -> 0 | W122: 0 | X122: 1 | Y122: 0 | Z122: 0 | AA122: 1 | AB122: 0
A123: 50 | B123: 0 | C123: 0 | D123: 1 | E123: 209 | F123: =ROUND(Source!W99,O123) -> 0 | G123: ТранспМат | H123: Транспорт материалов | K123: 209 | L123: 23 | M123: 3 | O123: 2 | P123: =ROUND(Source!DO99,O123) -> 0 | W123: 0 | X123: 1 | Y123: 0 | Z123: 0 | AA123: 1 | AB123: 0
A124: 50 | B124: 0 | C124: 0 | D124: 1 | E124: 233 | F124: =ROUND(Source!BD99,O124) -> 0 | G124: Перевозка | H124: Перевозка грузов | K124: 233 | L124: 24 | M124: 3 | O124: 2 | P124: =ROUND(Source!EV99,O124) -> 0 | W124: 0 | X124: 1 | Y124: 0 | Z124: 0 | AA124: 1 | AB124: 0
...

Sheet SourceObSm
A1: 0 | B1: Smeta.RU (495) 974-1589 | D1: _OBSM_ | F1: 0 | G1: 0 | H1: 0 | I1: Smeta.RU | K1: 1 | L1: 76812 | M1: 10 | N1: 12 | O1: 2 | P1: 0 | Q1: 1
A4: 8 | B4: 1 | C4: -1 | F4: 25МГ-ДПР-2750 | G4: 25МГ-ДПР-2750 — Реконструкция газопровода низкого давления | EC4: 0
A12: 1 | B12: 51 | C12: 0 | E12: 0 | F12: ЛС-07-01-01 | G12: Благоустройство и озеленение: восстановление газона | I12: 0 | J12: Том 6.2 ООС2, Том 6.3 ООС3 (18.09) | K12: 0 | L12: 0 | M12: 2 | O12: 2026 | P12: 7 | Q12: 0 | R12: 0 | S12: 0 | T12: 1 | U12: Основание:Том 6.2 ООС2, Том 6.3 ООС3 (18.09) Уровень цен:3 кв 2026 Нормативные индексы ТСН:№ 221 III квартал 2026 Регион:ТСН-2001 г. Москвы (с доп.1-82) | V12: 7 | BB12: 0 | BH12: Сметные нормы списания | BI12: Коды ОКП для ТСН-2001 МГЭ | BJ12: 1 | BK12: 1 | BL12: 0 | BM12: 0 | BN12: 1 | BO12: 0 | BP12: -1 | BQ12: 2 | BR12: 1 | BS12: 0 | BT12: 0 | BU12: 0 | BV12: 0 | BW12: 0 | BX12: 0 | BZ12: Типовой расчет для ТСН-2001 МГЭ, Новая методика с выпуска доп. 43 (Строительство), Доп 64 | CA12: Территориальные сметные нормативы для Москвы ТСН-2001 (МГЭ) | CB12: Территориальные сметные нормативы для Москвы ТСН-2001 (МГЭ) | CC12: Территориальные сметные нормативы для Москвы ТСН-2001 (МГЭ) | CD12: Территориальные сметные нормативы для Москвы ТСН-2001 (МГЭ) | CE12: Поправки для ТСН-2001 от 15.07.2022 г. доп.65 | CF12: 0 | CG12: 0 | CH12: 524296 | CK12: 82 | CQ12: Территориальные сметные нормативы для Москвы (ТСН-2001) | CR12: ТЕР | CS12: 41660 | CT12: 1 | CU12: 72 | CY12: 0 | EC12: 0
A14: 22 | B14: 1 | C14: 0 | D14: 86516527 | E14: 86516528 | F14: 2 | G14: 1
A16: 3 | B16: 1 | C16: ЛС-07-01-01 | D16: Благоустройство и озеленение: восстановление газона | E16: =ROUND((Source!F85)/1000,2) -> 105.64 | F16: =ROUND((Source!F87)/1000,2) -> 0 | G16: =ROUND((Source!F78)/1000,2) -> 0 | H16: =ROUND((Source!F88)/1000+(Source!F89)/1000,2) -> 0 | I16: =E16+F16+G16+H16 -> 105.64 | J16: =ROUND((Source!F84+Source!F83)/1000,2) -> 19.14 | K16: 133.18 | L16: 0 | M16: 0 | N16: =I16+L16+M16 -> 105.64 | T16: =ROUND((Source!P85)/1000,2) -> 3256.9 | U16: =ROUND((Source!P87)/1000,2) -> 0 | V16: =ROUND((Source!P78)/1000,2) -> 0 | W16: =ROUND((Source!P88)/1000+(Source!P89)/1000,2) -> 0 | X16: =T16+U16+V16+W16 -> 3256.9 | Y16: =ROUND((Source!P84+Source!P83)/1000,2) -> 1105.68 | Z16: 2002.6 | AA16: 0 | AB16: 0 | AC16: =X16+AA16+AB16 -> 3256.9 | AI16: 7 | AJ16: 0 | AK16: Благоустройство и озеленение: восстановление газона | AN16: 0 | AT16: 76161.85 | AU16: 57019.13 | AV16: 0 | AW16: 0 | AX16: 0 | AY16: 0 | AZ16: 0 | BA16: 19142.72 | BB16: 105641.64 | BC16: 0 | BD16: 0 | BE16: 0 | BF16: 1817.4276 | BG16: 0 | BH16: 0 | BI16: 17802.73 | BJ16: 11677.06 | BK16: 105641.64 | BR16: 1554143 | BS16: 448459.46 | BT16: 0 | BU16: 0 | BV16: 0 | BW16: 0 | BX16: 0 | BY16: 1105683.5 | BZ16: 3256895.6 | CA16: 0 | CB16: 0 | CC16: 0 | CD16: 1817.4276 | CE16: 0 | CF16: 0 | CG16: 1028285.7 | CH16: 674466.94 | CI16: 3256895.6
A18: 51 | E18: 105.64 | F18: 0 | G18: 0 | H18: 0 | I18: 105.64 | J18: 19.14 | K18: 133.18 | L18: 0 | M18: 0 | N18: 105.64 | T18: 3256.9 | U18: 0 | V18: 0 | W18: 0 | X18: 3256.9 | Y18: 1105.68 | Z18: 2002.6 | AA18: 0 | AB18: 0 | AC18: 3256.9
A20: 50 | B20: 0 | C20: 0 | D20: 1 | E20: 201 | F20: 76161.85 | G20: ПЗ | H20: Прямые затраты | K20: 201 | L20: 1 | M20: 3 | O20: 2 | P20: 1554143
A21: 50 | B21: 0 | C21: 0 | D21: 1 | E21: 202 | F21: 57019.13 | G21: СтМатОб | H21: Стоимость материальных ресурсов (всего) | K21: 202 | L21: 2 | M21: 3 | O21: 2 | P21: 448459.46
A22: 50 | B22: 0 | C22: 0 | D22: 1 | E22: 222 | F22: 0 | G22: СтМатОбЗак | H22: Стоимость материалов и оборудования заказчика | K22: 222 | L22: 3 | M22: 3 | O22: 2 | P22: 0
A23: 50 | B23: 0 | C23: 0 | D23: 1 | E23: 225 | F23: 57019.13 | G23: СтМатОбПод | H23: Стоимость материалов и оборудования подрядчика | K23: 225 | L23: 4 | M23: 3 | O23: 2 | P23: 448459.46
A24: 50 | B24: 0 | C24: 0 | D24: 1 | E24: 226 | F24: 57019.13 | G24: СтМат | H24: Стоимость материалов (всего) | K24: 226 | L24: 5 | M24: 3 | O24: 2 | P24: 448459.46
A25: 50 | B25: 0 | C25: 0 | D25: 1 | E25: 227 | F25: 0 | G25: СтМатЗак | H25: Стоимость материалов заказчика | K25: 227 | L25: 6 | M25: 3 | O25: 2 | P25: 0
A26: 50 | B26: 0 | C26: 0 | D26: 1 | E26: 228 | F26: 57019.13 | G26: СтМатПод | H26: Стоимость материалов подрядчика | K26: 228 | L26: 7 | M26: 3 | O26: 2 | P26: 448459.46
A27: 50 | B27: 0 | C27: 0 | D27: 1 | E27: 216 | F27: 0 | G27: Оборуд | H27: Стоимость оборудования (всего) | K27: 216 | L27: 8 | M27: 3 | O27: 2 | P27: 0
A28: 50 | B28: 0 | C28: 0 | D28: 1 | E28: 223 | F28: 0 | G28: ОборудЗак | H28: Стоимость оборудования заказчика | K28: 223 | L28: 9 | M28: 3 | O28: 2 | P28: 0
A29: 50 | B29: 0 | C29: 0 | D29: 1 | E29: 229 | F29: 0 | G29: ОборудПод | H29: Стоимость оборудования подрядчика | K29: 229 | L29: 10 | M29: 3 | O29: 2 | P29: 0
A30: 50 | B30: 0 | C30: 0 | D30: 1 | E30: 203 | F30: 0 | G30: ЭММ | H30: Эксплуатация машин | K30: 203 | L30: 11 | M30: 3 | O30: 2 | P30: 0
A31: 50 | B31: 0 | C31: 0 | D31: 1 | E31: 231 | F31: 0 | G31: ЭММсНРиСП | H31: Эксплуатация машин по ТСН-2001.16 | K31: 231 | L31: 12 | M31: 3 | O31: 2 | P31: 0
... A46: 50 | B46: 0 | C46: 0 | D46: 1 | E46: 224 | F46: 105641.64 | G46: Всего | H46: Всего с НР и СП | K46: 224 | L46: 27 | M46: 3 | O46: 2 | P46: 3256895.6
A48: -1
A51: 75 | B51: Базовые уровень цен | C51: 2000 | D51: 0 | E51: 1 | G51: 0 | H51: 1 | I51: 1 | J51: 3 | K51: 0 | L51: 0 | M51: 0 | N51: 86516527 | O51: 1
A52: 75 | B52: Текущий уровень цен, III квартал 2026, выпуск 221 | C52: 2026 | D52: 0 | E52: 7 | G52: 0 | H52: 2 | I52: 1 | J52: 3 | K52: 0 | L52: 0 | M52: 1 | N52: 86516528 | O52: 2

Sheet SmtRes
A1: =ROW(Source!A28) -> 28 | B1: 86516527 | C1: 86516529 | D1: 0 | E1: 1 | F1: 1 | G1: 30515945 | H1: 1 | I1: 1 | K1: Затраты труда рабочих среднего разряда 1 | L1: 1369 | N1: 1013 | O1: чел.-ч | P1: чел.-ч | Q1: 1 | W1: 0 | X1: -2001970737 | Y1: =(AT1*1.1*1.15) -> 6.64125 | AA1: 0 | AB1: 0 | AC1: 0 | AD1: 0 | AE1: 0 | AF1: 0 | AG1: 0 | AH1: 0 | AI1: 1 | AJ1: 1 | AK1: 1 | AL1: 1 | AM1: 0 | AN1: 0 | AO1: 1 | AP1: 0 | AQ1: 0 | AR1: 0 | AT1: 5.25 | AU1: *1,1*1,15 | AV1: 1 | AW1: 2 | AX1: 86516533 | AY1: 1 | AZ1: 6144 | BA1: 1 | BB1: 0 | BC1: 0 | BD1: 0 | BE1: 0 | BF1: 0 | BG1: 0 | BH1: 0 | BI1: 0 | BJ1: 0 | BK1: 0 | BL1: 0 | BM1: 0 | BN1: 0 | BO1: 0 | BP1: 0 | BQ1: 0 | BR1: 0 | BS1: 0 | BT1: 0 | BU1: 0 | BV1: 0 | BW1: 0 | CU1: =ROUND(AT1*Source!I28*AH1*AL1,2) -> 0 | CV1: =ROUND(Y1*Source!I28,9) -> 289.48545 | CW1: 0 | CX1: =ROUND(Y1*Source!I28,9) -> 289.48545 | CY1: =AD1 -> 0 | CZ1: =AH1 -> 0 | DA1: =AL1 -> 1 | DB1: =(ROUND(AT1*CZ1,2)*1.1*1.15) -> 0 | DC1: =(ROUND(AT1*AG1,2)*1.1*1.15) -> 0 | DF1: =ROUND(ROUND(AE1,2)*CX1,2) -> 0 | DG1: =ROUND(ROUND(AF1,2)*CX1,2) -> 0 | DH1: =ROUND(ROUND(AG1,2)*ROUND((AT1*Source!I28*1.1*1.15),9),2) -> 0 | DI1: =ROUND(ROUND(AH1,2)*CX1,2) -> 0 | DJ1: =DI1 -> 0 | DK1: 0 | DM1: 0 | DO1: 0 | DP1: *1,1*1,15
A2: =ROW(Source!A28) -> 28 | B2: 86516527 | C2: 86516529 | D2: 0 | E2: 1 | F2: 1 | G2: 30515945 | H2: 3 | I2: 1.1-1-118 | K2: Вода | L2: 1339 | N2: 1007 | O2: м3 | P2: м3 | Q2: 1 | W2: 0 | X2: 1313783385 | Y2: =AT2 -> 10 | AA2: 7.07 | AB2: 0 | AC2: 0 | AD2: 0 | AE2: 7.07 | AF2: 0 | AG2: 0 | AH2: 0 | AI2: 1 | AJ2: 1 | AK2: 1 | AL2: 1 | AM2: 0 | AN2: 0 | AO2: 1 | AP2: 0 | AQ2: 0 | AR2: 0 | AT2: 10 | AV2: 0 | AW2: 2 | AX2: 86516534 | AY2: 1 | AZ2: 0 | BA2: 2 | BB2: 0 | BC2: 0 | BD2: 0 | BE2: 0 | BF2: 0 | BG2: 0 | BH2: 0 | BI2: 0 | BJ2: 0 | BK2: 0 | BL2: 0 | BM2: 0 | BN2: 0 | BO2: 0 | BP2: 0 | BQ2: 0 | BR2: 0 | BS2: 0 | BT2: 0 | BU2: 0 | BV2: 0 | BW2: 0 | CV2: 0 | CW2: 0 | CX2: =ROUND(Y2*Source!I28,9) -> 435.89 | CY2: =AA2 -> 7.07 | CZ2: =AE2 -> 7.07 | DA2: =AI2 -> 1 | DB2: =ROUND(AT2*CZ2,2) -> 70.7 | DC2: =ROUND(AT2*AG2,2) -> 0 | DF2: =ROUND(ROUND(AE2,2)*CX2,2) -> 3081.74 | DG2: =ROUND(ROUND(AF2,2)*CX2,2) -> 0 | DH2: =ROUND(ROUND(AG2,2)*ROUND(AT2*Source!I28,9),2) -> 0 | DI2: =ROUND(ROUND(AH2,2)*CX2,2) -> 0 | DJ2: =DF2 -> 3081.74 | DK2: 0 | DM2: 0 | DO2: 0
A3: =ROW(Source!A28) -> 28 | B3: 86516527 | C3: 86516529 | D3: 30532994 | E3: 1 | F3: 1 | G3: 30515945 | H3: 3 | I3: 9749950000 | K3: Семена газонных трав | L3: 1346 | N3: 1009 | O3: кг | P3: кг | Q3: 1 | W3: 0 | X3: 408700838 | Y3: =AT3 -> 4 | AA3: 0 | AB3: 0 | AC3: 0 | AD3: 0 | AE3: 0 | AF3: 0 | AG3: 0 | AH3: 0 | AI3: 1 | AJ3: 1 | AK3: 1 | AL3: 1 | AM3: 0 | AN3: 0 | AO3: 0 | AP3: 0 | AQ3: 0 | AR3: 0 | AT3: 4 | AV3: 0 | AW3: 2 | AX3: 86516535 | AY3: 1 | AZ3: 0 | BA3: 3 | BB3: 0 | BC3: 0 | BD3: 0 | BE3: 0 | BF3: 0 | BG3: 0 | BH3: 0 | BI3: 0 | BJ3: 0 | BK3: 0 | BL3: 0 | BM3: 0 | BN3: 0 | BO3: 0 | BP3: 0 | BQ3: 0 | BR3: 0 | BS3: 0 | BT3: 0 | BU3: 0 | BV3: 0 | BW3: 0 | CV3: 0 | CW3: 0 | CX3: =ROUND(Y3*Source!I28,9) -> 174.356 | CY3: =AA3 -> 0 | CZ3: =AE3 -> 0 | DA3: =AI3 -> 1 | DB3: =ROUND(AT3*CZ3,2) -> 0 | DC3: =ROUND(AT3*AG3,2) -> 0 | DF3: =ROUND(ROUND(AE3,2)*CX3,2) -> 0 | DG3: =ROUND(ROUND(AF3,2)*CX3,2) -> 0 | DH3: =ROUND(ROUND(AG3,2)*ROUND(AT3*Source!I28,9),2) -> 0 | DI3: =ROUND(ROUND(AH3,2)*CX3,2) -> 0 | DJ3: =DF3 -> 0 | DK3: 0 | DM3: 0 | DO3: 0
A4: =ROW(Source!A29) -> 29 | B4: 86516528 | C4: 86516529 | D4: 0 | E4: 1 | F4: 1 | G4: 30515945 | H4: 1 | I4: 1 | K4: Затраты труда рабочих среднего разряда 1 | L4: 1369 | N4: 1013 | O4: чел.-ч | P4: чел.-ч | Q4: 1 | W4: 0 | X4: -2001970737 | Y4: =(AT4*1.1*1.15) -> 6.64125 | AA4: 0 | AB4: 0 | AC4: 0 | AD4: 0 | AE4: 0 | AF4: 0 | AG4: 0 | AH4: 0 | AI4: 1 | AJ4: 1 | AK4: 1 | AL4: 1 | AM4: 0 | AN4: 0 | AO4: 1 | AP4: 0 | AQ4: 0 | AR4: 0 | AT4: 5.25 | AU4: *1,1*1,15 | AV4: 1 | AW4: 2 | AX4: 86516533 | AY4: 1 | AZ4: 6144 | BA4: 4 | BB4: 0 | BC4: 0 | BD4: 0 | BE4: 0 | BF4: 0 | BG4: 0 | BH4: 0 | BI4: 0 | BJ4: 0 | BK4: 0 | BL4: 0 | BM4: 0 | BN4: 0 | BO4: 0 | BP4: 0 | BQ4: 0 | BR4: 0 | BS4: 0 | BT4: 0 | BU4: 0 | BV4: 0 | BW4: 0 | CU4: =ROUND(AT4*Source!I29*AH4*AL4,2) -> 0 | CV4: =ROUND(Y4*Source!I29,9) -> 289.48545 | CW4: 0 | CX4: =ROUND(Y4*Source!I29,9) -> 289.48545 | CY4: =AD4 -> 0 | CZ4: =AH4 -> 0 | DA4: =AL4 -> 1 | DB4: =(ROUND(AT4*CZ4,2)*1.1*1.15) -> 0 | DC4: =(ROUND(AT4*AG4,2)*1.1*1.15) -> 0 | DF4: =ROUND(ROUND(AE4,2)*CX4,2) -> 0 | DG4: =ROUND(ROUND(AF4,2)*CX4,2) -> 0 | DH4: =ROUND(ROUND(AG4,2)*ROUND((AT4*Source!I29*1.1*1.15),9),2) -> 0 | DI4: =ROUND(ROUND(AH4,2)*CX4,2) -> 0 | DJ4: =DI4 -> 0 | DK4: 0 | DM4: 0 | DO4: 0 | DP4: *1,1*1,15
A5: =ROW(Source!A29) -> 29 | B5: 86516528 | C5: 86516529 | D5: 0 | E5: 1 | F5: 1 | G5: 30515945 | H5: 3 | I5: 1.1-1-118 | K5: Вода | L5: 1339 | N5: 1007 | O5: м3 | P5: м3 | Q5: 1 | W5: 0 | X5: 1313783385 | Y5: =AT5 -> 10 | AA5: 7.07 | AB5: 0 | AC5: 0 | AD5: 0 | AE5: 7.07 | AF5: 0 | AG5: 0 | AH5: 0 | AI5: 1 | AJ5: 1 | AK5: 1 | AL5: 1 | AM5: 0 | AN5: 0 | AO5: 1 | AP5: 0 | AQ5: 0 | AR5: 0 | AT5: 10 | AV5: 0 | AW5: 2 | AX5: 86516534 | AY5: 1 | AZ5: 0 | BA5: 5 | BB5: 0 | BC5: 0 | BD5: 0 | BE5: 0 | BF5: 0 | BG5: 0 | BH5: 0 | BI5: 0 | BJ5: 0 | BK5: 0 | BL5: 0 | BM5: 0 | BN5: 0 | BO5: 0 | BP5: 0 | BQ5: 0 | BR5: 0 | BS5: 0 | BT5: 0 | BU5: 0 | BV5: 0 | BW5: 0 | CV5: 0 | CW5: 0 | CX5: =ROUND(Y5*Source!I29,9) -> 435.89 | CY5: =AA5 -> 7.07 | CZ5: =AE5 -> 7.07 | DA5: =AI5 -> 1 | DB5: =ROUND(AT5*CZ5,2) -> 70.7 | DC5: =ROUND(AT5*AG5,2) -> 0 | DF5: =ROUND(ROUND(AE5,2)*CX5,2) -> 3081.74 | DG5: =ROUND(ROUND(AF5,2)*CX5,2) -> 0 | DH5: =ROUND(ROUND(AG5,2)*ROUND(AT5*Source!I29,9),2) -> 0 | DI5: =ROUND(ROUND(AH5,2)*CX5,2) -> 0 | DJ5: =DF5 -> 3081.74 | DK5: 0 | DM5: 0 | DO5: 0
A6: =ROW(Source!A29) -> 29 | B6: 86516528 | C6: 86516529 | D6: 30532994 | E6: 1 | F6: 1 | G6: 30515945 | H6: 3 | I6: 9749950000 | K6: Семена газонных трав | L6: 1346 | N6: 1009 | O6: кг | P6: кг | Q6: 1 | W6: 0 | X6: 408700838 | Y6: =AT6 -> 4 | AA6: 0 | AB6: 0 | AC6: 0 | AD6: 0 | AE6: 0 | AF6: 0 | AG6: 0 | AH6: 0 | AI6: 1 | AJ6: 1 | AK6: 1 | AL6: 1 | AM6: 0 | AN6: 0 | AO6: 0 | AP6: 0 | AQ6: 0 | AR6: 0 | AT6: 4 | AV6: 0 | AW6: 2 | AX6: 86516535 | AY6: 1 | AZ6: 0 | BA6: 6 | BB6: 0 | BC6: 0 | BD6: 0 | BE6: 0 | BF6: 0 | BG6: 0 | BH6: 0 | BI6: 0 | BJ6: 0 | BK6: 0 | BL6: 0 | BM6: 0 | BN6: 0 | BO6: 0 | BP6: 0 | BQ6: 0 | BR6: 0 | BS6: 0 | BT6: 0 | BU6: 0 | BV6: 0 | BW6: 0 | CV6: 0 | CW6: 0 | CX6: =ROUND(Y6*Source!I29,9) -> 174.356 | CY6: =AA6 -> 0 | CZ6: =AE6 -> 0 | DA6: =AI6 -> 1 | DB6: =ROUND(AT6*CZ6,2) -> 0 | DC6: =ROUND(AT6*AG6,2) -> 0 | DF6: =ROUND(ROUND(AE6,2)*CX6,2) -> 0 | DG6: =ROUND(ROUND(AF6,2)*CX6,2) -> 0 | DH6: =ROUND(ROUND(AG6,2)*ROUND(AT6*Source!I29,9),2) -> 0 | DI6: =ROUND(ROUND(AH6,2)*CX6,2) -> 0 | DJ6: =DF6 -> 0 | DK6: 0 | DM6: 0 | DO6: 0
A7: =ROW(Source!A32) -> 32 | B7: 86516527 | C7: 86516537 | D7: 0 | E7: 1 | F7: 1 | G7: 30515945 | H7: 1 | I7: 1 | K7: Затраты труда рабочих среднего разряда 1 | L7: 1369 | N7: 1013 | O7: чел.-ч | P7: чел.-ч | Q7: 1 | W7: 0 | X7: -2001970737 | Y7: =(AT7*1.1*1.15) -> 50.6 | AA7: 0 | AB7: 0 | AC7: 0 | AD7: 0 | AE7: 0 | AF7: 0 | AG7: 0 | AH7: 0 | AI7: 1 | AJ7: 1 | AK7: 1 | AL7: 1 | AM7: 0 | AN7: 0 | AO7: 1 | AP7: 0 | AQ7: 0 | AR7: 0 | AT7: 40 | AU7: *1,1*1,15 | AV7: 1 | AW7: 2 | AX7: 86516540 | AY7: 1 | AZ7: 6144 | BA7: 7 | BB7: 0 | BC7: 0 | BD7: 0 | BE7: 0 | BF7: 0 | BG7: 0 | BH7: 0 | BI7: 0 | BJ7: 0 | BK7: 0 | BL7: 0 | BM7: 0 | BN7: 0 | BO7: 0 | BP7: 0 | BQ7: 0 | BR7: 0 | BS7: 0 | BT7: 0 | BU7: 0 | BV7: 0 | BW7: 0 | CU7: =ROUND(AT7*Source!I32*AH7*AL7,2) -> 0 | CV7: =ROUND(Y7*Source!I32,9) -> 1769.988 | CW7: 0 | CX7: =ROUND(Y7*Source!I32,9) -> 1769.988 | CY7: =AD7 -> 0 | CZ7: =AH7 -> 0 | DA7: =AL7 -> 1 | DB7: =(ROUND(AT7*CZ7,2)*1.1*1.15) -> 0 | DC7: =(ROUND(AT7*AG7,2)*1.1*1.15) -> 0 | DF7: =ROUND(ROUND(AE7,2)*CX7,2) -> 0 | DG7: =ROUND(ROUND(AF7,2)*CX7,2) -> 0 | DH7: =ROUND(ROUND(AG7,2)*ROUND((AT7*Source!I32*1.1*1.15),9),2) -> 0 | DI7: =ROUND(ROUND(AH7,2)*CX7,2) -> 0 | DJ7: =DI7 -> 0 | DK7: 0 | DM7: 0 | DO7: 0 | DP7: *1,1*1,15
A8: =ROW(Source!A32) -> 32 | B8: 86516527 | C8: 86516537 | D8: 30531738 | E8: 1 | F8: 1 | G8: 30515945 | H8: 3 | I8: 9797020000 | K8: Земля растительная | L8: 1339 | N8: 1007 | O8: м3 | P8: м3 | Q8: 1 | W8: 0 | X8: 322112170 | Y8: =AT8 -> 15 | AA8: 0 | AB8: 0 | AC8: 0 | AD8: 0 | AE8: 0 | AF8: 0 | AG8: 0 | AH8: 0 | AI8: 1 | AJ8: 1 | AK8: 1 | AL8: 1 | AM8: 0 | AN8: 0 | AO8: 0 | AP8: 0 | AQ8: 0 | AR8: 0 | AT8: 15 | AV8: 0 | AW8: 2 | AX8: 86516541 | AY8: 1 | AZ8: 0 | BA8: 8 | BB8: 0 | BC8: 0 | BD8: 0 | BE8: 0 | BF8: 0 | BG8: 0 | BH8: 0 | BI8: 0 | BJ8: 0 | BK8: 0 | BL8: 0 | BM8: 0 | BN8: 0 | BO8: 0 | BP8: 0 | BQ8: 0 | BR8: 0 | BS8: 0 | BT8: 0 | BU8: 0 | BV8: 0 | BW8: 0 | CV8: 0 | CW8: 0 | CX8: =ROUND(Y8*Source!I32,9) -> 524.7 | CY8: =AA8 -> 0 | CZ8: =AE8 -> 0 | DA8: =AI8 -> 1 | DB8: =ROUND(AT8*CZ8,2) -> 0 | DC8: =ROUND(AT8*AG8,2) -> 0 | DF8: =ROUND(ROUND(AE8,2)*CX8,2) -> 0 | DG8: =ROUND(ROUND(AF8,2)*CX8,2) -> 0 | DH8: =ROUND(ROUND(AG8,2)*ROUND(AT8*Source!I32,9),2) -> 0 | DI8: =ROUND(ROUND(AH8,2)*CX8,2) -> 0 | DJ8: =DF8 -> 0 | DK8: 0 | DM8: 0 | DO8: 0
A9: =ROW(Source!A33) -> 33 | B9: 86516528 | C9: 86516537 | D9: 0 | E9: 1 | F9: 1 | G9: 30515945 | H9: 1 | I9: 1 | K9: Затраты труда рабочих среднего разряда 1 | L9: 1369 | N9: 1013 | O9: чел.-ч | P9: чел.-ч | Q9: 1 | W9: 0 | X9: -2001970737 | Y9: =(AT9*1.1*1.15) -> 50.6 | AA9: 0 | AB9: 0 | AC9: 0 | AD9: 0 | AE9: 0 | AF9: 0 | AG9: 0 | AH9: 0 | AI9: 1 | AJ9: 1 | AK9: 1 | AL9: 1 | AM9: 0 | AN9: 0 | AO9: 1 | AP9: 0 | AQ9: 0 | AR9: 0 | AT9: 40 | AU9: *1,1*1,15 | AV9: 1 | AW9: 2 | AX9: 86516540 | AY9: 1 | AZ9: 6144 | BA9: 9 | BB9: 0 | BC9: 0 | BD9: 0 | BE9: 0 | BF9: 0 | BG9: 0 | BH9: 0 | BI9: 0 | BJ9: 0 | BK9: 0 | BL9: 0 | BM9: 0 | BN9: 0 | BO9: 0 | BP9: 0 | BQ9: 0 | BR9: 0 | BS9: 0 | BT9: 0 | BU9: 0 | BV9: 0 | BW9: 0 | CU9: =ROUND(AT9*Source!I33*AH9*AL9,2) -> 0 | CV9: =ROUND(Y9*Source!I33,9) -> 1769.988 | CW9: 0 | CX9: =ROUND(Y9*Source!I33,9) -> 1769.988 | CY9: =AD9 -> 0 | CZ9: =AH9 -> 0 | DA9: =AL9 -> 1 | DB9: =(ROUND(AT9*CZ9,2)*1.1*1.15) -> 0 | DC9: =(ROUND(AT9*AG9,2)*1.1*1.15) -> 0 | DF9: =ROUND(ROUND(AE9,2)*CX9,2) -> 0 | DG9: =ROUND(ROUND(AF9,2)*CX9,2) -> 0 | DH9: =ROUND(ROUND(AG9,2)*ROUND((AT9*Source!I33*1.1*1.15),9),2) -> 0 | DI9: =ROUND(ROUND(AH9,2)*CX9,2) -> 0 | DJ9: =DI9 -> 0 | DK9: 0 | DM9: 0 | DO9: 0 | DP9: *1,1*1,15
A10: =ROW(Source!A33) -> 33 | B10: 86516528 | C10: 86516537 | D10: 30531738 | E10: 1 | F10: 1 | G10: 30515945 | H10: 3 | I10: 9797020000 | K10: Земля растительная | L10: 1339 | N10: 1007 | O10: м3 | P10: м3 | Q10: 1 | W10: 0 | X10: 322112170 | Y10: =AT10 -> 15 | AA10: 0 | AB10: 0 | AC10: 0 | AD10: 0 | AE10: 0 | AF10: 0 | AG10: 0 | AH10: 0 | AI10: 1 | AJ10: 1 | AK10: 1 | AL10: 1 | AM10: 0 | AN10: 0 | AO10: 0 | AP10: 0 | AQ10: 0 | AR10: 0 | AT10: 15 | AV10: 0 | AW10: 2 | AX10: 86516541 | AY10: 1 | AZ10: 0 | BA10: 10 | BB10: 0 | BC10: 0 | BD10: 0 | BE10: 0 | BF10: 0 | BG10: 0 | BH10: 0 | BI10: 0 | BJ10: 0 | BK10: 0 | BL10: 0 | BM10: 0 | BN10: 0 | BO10: 0 | BP10: 0 | BQ10: 0 | BR10: 0 | BS10: 0 | BT10: 0 | BU10: 0 | BV10: 0 | BW10: 0 | CV10: 0 | CW10: 0 | CX10: =ROUND(Y10*Source!I33,9) -> 524.7 | CY10: =AA10 -> 0 | CZ10: =AE10 -> 0 | DA10: =AI10 -> 1 | DB10: =ROUND(AT10*CZ10,2) -> 0 | DC10: =ROUND(AT10*AG10,2) -> 0 | DF10: =ROUND(ROUND(AE10,2)*CX10,2) -> 0 | DG10: =ROUND(ROUND(AF10,2)*CX10,2) -> 0 | DH10: =ROUND(ROUND(AG10,2)*ROUND(AT10*Source!I33,9),2) -> 0 | DI10: =ROUND(ROUND(AH10,2)*CX10,2) -> 0 | DJ10: =DF10 -> 0 | DK10: 0 | DM10: 0 | DO10: 0
A11: =ROW(Source!A34) -> 34 | B11: 86516527 | C11: 86516542 | D11: 0 | E11: 1 | F11: 1 | G11: 30515945 | H11: 1 | I11: 1 | K11: Затраты труда рабочих среднего разряда 1 | L11: 1369 | N11: 1013 | O11: чел.-ч | P11: чел.-ч | Q11: 1 | W11: 0 | X11: -2001970737 | Y11: =(AT11*1.1*1.15) -> 6.91955 | AA11: 0 | AB11: 0 | AC11: 0 | AD11: 0 | AE11: 0 | AF11: 0 | AG11: 0 | AH11: 0 | AI11: 1 | AJ11: 1 | AK11: 1 | AL11: 1 | AM11: 0 | AN11: 0 | AO11: 1 | AP11: 0 | AQ11: 0 | AR11: 0 | AT11: 5.47 | AU11: *1,1*1,15 | AV11: 1 | AW11: 2 | AX11: 86516545 | AY11: 1 | AZ11: 6144 | BA11: 11 | BB11: 0 | BC11: 0 | BD11: 0 | BE11: 0 | BF11: 0 | BG11: 0 | BH11: 0 | BI11: 0 | BJ11: 0 | BK11: 0 | BL11: 0 | BM11: 0 | BN11: 0 | BO11: 0 | BP11: 0 | BQ11: 0 | BR11: 0 | BS11: 0 | BT11: 0 | BU11: 0 | BV11: 0 | BW11: 0 | CU11: =ROUND(AT11*Source!I34*AH11*AL11,2) -> 0 | CV11: =ROUND(Y11*Source!I34,9) -> -242.04586 | CW11: 0 | CX11: =ROUND(Y11*Source!I34,9) -> -242.04586 | CY11: =AD11 -> 0 | CZ11: =AH11 -> 0 | DA11: =AL11 -> 1 | DB11: =(ROUND(AT11*CZ11,2)*1.1*1.15) -> 0 | DC11: =(ROUND(AT11*AG11,2)*1.1*1.15) -> 0 | DF11: =ROUND(ROUND(AE11,2)*CX11,2) -> 0 | DG11: =ROUND(ROUND(AF11,2)*CX11,2) -> 0 | DH11: =ROUND(ROUND(AG11,2)*ROUND((AT11*Source!I34*1.1*1.15),9),2) -> 0 | DI11: =ROUND(ROUND(AH11,2)*CX11,2) -> 0 | DJ11: =DI11 -> 0 | DK11: 0 | DM11: 0 | DO11: 0 | DP11: *1,1*1,15
A12: =ROW(Source!A34) -> 34 | B12: 86516527 | C12: 86516542 | D12: 30531738 | E12: 1 | F12: 1 | G12: 30515945 | H12: 3 | I12: 9797020000 | K12: Земля растительная | L12: 1339 | N12: 1007 | O12: м3 | P12: м3 | Q12: 1 | W12: 0 | X12: 322112170 | Y12: =AT12 -> 5 | AA12: 0 | AB12: 0 | AC12: 0 | AD12: 0 | AE12: 0 | AF12: 0 | AG12: 0 | AH12: 0 | AI12: 1 | AJ12: 1 | AK12: 1 | AL12: 1 | AM12: 0 | AN12: 0 | AO12: 0 | AP12: 0 | AQ12: 0 | AR12: 0 | AT12: 5 | AV12: 0 | AW12: 2 | AX12: 86516546 | AY12: 1 | AZ12: 0 | BA12: 12 | BB12: 0 | BC12: 0 | BD12: 0 | BE12: 0 | BF12: 0 | BG12: 0 | BH12: 0 | BI12: 0 | BJ12: 0 | BK12: 0 | BL12: 0 | BM12: 0 | BN12: 0 | BO12: 0 | BP12: 0 | BQ12: 0 | BR12: 0 | BS12: 0 | BT12: 0 | BU12: 0 | BV12: 0 | BW12: 0 | CV12: 0 | CW12: 0 | CX12: =ROUND(Y12*Source!I34,9) -> -174.9 | CY12: =AA12 -> 0 | CZ12: =AE12 -> 0 | DA12: =AI12 -> 1 | DB12: =ROUND(AT12*CZ12,2) -> 0 | DC12: =ROUND(AT12*AG12,2) -> 0 | DF12: =ROUND(ROUND(AE12,2)*CX12,2) -> 0 | DG12: =ROUND(ROUND(AF12,2)*CX12,2) -> 0 | DH12: =ROUND(ROUND(AG12,2)*ROUND(AT12*Source!I34,9),2) -> 0 | DI12: =ROUND(ROUND(AH12,2)*CX12,2) -> 0 | DJ12: =DF12 -> 0 | DK12: 0 | DM12: 0 | DO12: 0
A13: =ROW(Source!A35) -> 35 | B13: 86516528 | C13: 86516542 | D13: 0 | E13: 1 | F13: 1 | G13: 30515945 | H13: 1 | I13: 1 | K13: Затраты труда рабочих среднего разряда 1 | L13: 1369 | N13: 1013 | O13: чел.-ч | P13: чел.-ч | Q13: 1 | W13: 0 | X13: -2001970737 | Y13: =(AT13*1.1*1.15) -> 6.91955 | AA13: 0 | AB13: 0 | AC13: 0 | AD13: 0 | AE13: 0 | AF13: 0 | AG13: 0 | AH13: 0 | AI13: 1 | AJ13: 1 | AK13: 1 | AL13: 1 | AM13: 0 | AN13: 0 | AO13: 1 | AP13: 0 | AQ13: 0 | AR13: 0 | AT13: 5.47 | AU13: *1,1*1,15 | AV13: 1 | AW13: 2 | AX13: 86516545 | AY13: 1 | AZ13: 6144 | BA13: 13 | BB13: 0 | BC13: 0 | BD13: 0 | BE13: 0 | BF13: 0 | BG13: 0 | BH13: 0 | BI13: 0 | BJ13: 0 | BK13: 0 | BL13: 0 | BM13: 0 | BN13: 0 | BO13: 0 | BP13: 0 | BQ13: 0 | BR13: 0 | BS13: 0 | BT13: 0 | BU13: 0 | BV13: 0 | BW13: 0 | CU13: =ROUND(AT13*Source!I35*AH13*AL13,2) -> 0 | CV13: =ROUND(Y13*Source!I35,9) -> -242.04586 | CW13: 0 | CX13: =ROUND(Y13*Source!I35,9) -> -242.04586 | CY13: =AD13 -> 0 | CZ13: =AH13 -> 0 | DA13: =AL13 -> 1 | DB13: =(ROUND(AT13*CZ13,2)*1.1*1.15) -> 0 | DC13: =(ROUND(AT13*AG13,2)*1.1*1.15) -> 0 | DF13: =ROUND(ROUND(AE13,2)*CX13,2) -> 0 | DG13: =ROUND(ROUND(AF13,2)*CX13,2) -> 0 | DH13: =ROUND(ROUND(AG13,2)*ROUND((AT13*Source!I35*1.1*1.15),9),2) -> 0 | DI13: =ROUND(ROUND(AH13,2)*CX13,2) -> 0 | DJ13: =DI13 -> 0 | DK13: 0 | DM13: 0 | DO13: 0 | DP13: *1,1*1,15
A14: =ROW(Source!A35) -> 35 | B14: 86516528 | C14: 86516542 | D14: 30531738 | E14: 1 | F14: 1 | G14: 30515945 | H14: 3 | I14: 9797020000 | K14: Земля растительная | L14: 1339 | N14: 1007 | O14: м3 | P14: м3 | Q14: 1 | W14: 0 | X14: 322112170 | Y14: =AT14 -> 5 | AA14: 0 | AB14: 0 | AC14: 0 | AD14: 0 | AE14: 0 | AF14: 0 | AG14: 0 | AH14: 0 | AI14: 1 | AJ14: 1 | AK14: 1 | AL14: 1 | AM14: 0 | AN14: 0 | AO14: 0 | AP14: 0 | AQ14: 0 | AR14: 0 | AT14: 5 | AV14: 0 | AW14: 2 | AX14: 86516546 | AY14: 1 | AZ14: 0 | BA14: 14 | BB14: 0 | BC14: 0 | BD14: 0 | BE14: 0 | BF14: 0 | BG14: 0 | BH14: 0 | BI14: 0 | BJ14: 0 | BK14: 0 | BL14: 0 | BM14: 0 | BN14: 0 | BO14: 0 | BP14: 0 | BQ14: 0 | BR14: 0 | BS14: 0 | BT14: 0 | BU14: 0 | BV14: 0 | BW14: 0 | CV14: 0 | CW14: 0 | CX14: =ROUND(Y14*Source!I35,9) -> -174.9 | CY14: =AA14 -> 0 | CZ14: =AE14 -> 0 | DA14: =AI14 -> 1 | DB14: =ROUND(AT14*CZ14,2) -> 0 | DC14: =ROUND(AT14*AG14,2) -> 0 | DF14: =ROUND(ROUND(AE14,2)*CX14,2) -> 0 | DG14: =ROUND(ROUND(AF14,2)*CX14,2) -> 0 | DH14: =ROUND(ROUND(AG14,2)*ROUND(AT14*Source!I35,9),2) -> 0 | DI14: =ROUND(ROUND(AH14,2)*CX14,2) -> 0 | DJ14: =DF14 -> 0 | DK14: 0 | DM14: 0 | DO14: 0

Sheet EtalonRes
A1: =ROW(Source!A28) -> 28 | B1: 86516533 | C1: 86516529 | D1: 0 | E1: 1 | F1: 1 | G1: 30515945 | H1: 1 | I1: 1 | K1: Затраты труда рабочих среднего разряда 1 | L1: 1369 | N1: 1013 | O1: чел.-ч | P1: чел.-ч | Q1: 1 | X1: 10.627494 | Y1: 0 | Z1: 0 | AA1: 0 | AB1: 0 | AC1: 0 | AD1: 1 | AE1: 1 | AF1: *1,1*1,15 | AG1: 13.44378 | AH1: 2 | AI1: 86516530 | AJ1: 1 | AK1: 0 | AL1: 0 | AM1: 0 | AN1: 0 | AO1: 0 | AP1: 0 | AQ1: 0 | AR1: 0
A2: =ROW(Source!A28) -> 28 | B2: 86516534 | C2: 86516529 | D2: 0 | E2: 1 | F2: 1 | G2: 30515945 | H2: 3 | I2: 1.1-1-118 | K2: Вода | L2: 1339 | N2: 1007 | O2: м3 | P2: м3 | Q2: 1 | X2: 10 | Y2: 7.07 | Z2: 0 | AA2: 0 | AB2: 0 | AC2: 0 | AD2: 1 | AE2: 0 | AG2: 10 | AH2: 2 | AI2: 86516531 | AJ2: 2 | AK2: 0 | AL2: 0 | AM2: 0 | AN2: 0 | AO2: 0 | AP2: 0 | AQ2: 0 | AR2: 0
A3: =ROW(Source!A28) -> 28 | B3: 86516535 | C3: 86516529 | D3: 30532994 | E3: 1 | F3: 1 | G3: 30515945 | H3: 3 | I3: 9749950000 | K3: Семена газонных трав | L3: 1346 | N3: 1009 | O3: кг | P3: кг | Q3: 1 | X3: 4 | Y3: 0 | Z3: 0 | AA3: 0 | AB3: 0 | AC3: 0 | AD3: 0 | AE3: 0 | AG3: 4 | AH3: 2 | AI3: 86516532 | AJ3: 3 | AK3: 0 | AL3: 0 | AM3: 0 | AN3: 0 | AO3: 0 | AP3: 0 | AQ3: 0 | AR3: 0
A4: =ROW(Source!A29) -> 29 | B4: 86516533 | C4: 86516529 | D4: 0 | E4: 1 | F4: 1 | G4: 30515945 | H4: 1 | I4: 1 | K4: Затраты труда рабочих среднего разряда 1 | L4: 1369 | N4: 1013 | O4: чел.-ч | P4: чел.-ч | Q4: 1 | X4: 10.627494 | Y4: 0 | Z4: 0 | AA4: 0 | AB4: 0 | AC4: 0 | AD4: 1 | AE4: 1 | AF4: *1,1*1,15 | AG4: 13.44378 | AH4: 2 | AI4: 86516530 | AJ4: 4 | AK4: 0 | AL4: 0 | AM4: 0 | AN4: 0 | AO4: 0 | AP4: 0 | AQ4: 0 | AR4: 0
A5: =ROW(Source!A29) -> 29 | B5: 86516534 | C5: 86516529 | D5: 0 | E5: 1 | F5: 1 | G5: 30515945 | H5: 3 | I5: 1.1-1-118 | K5: Вода | L5: 1339 | N5: 1007 | O5: м3 | P5: м3 | Q5: 1 | X5: 10 | Y5: 7.07 | Z5: 0 | AA5: 0 | AB5: 0 | AC5: 0 | AD5: 1 | AE5: 0 | AG5: 10 | AH5: 2 | AI5: 86516531 | AJ5: 5 | AK5: 0 | AL5: 0 | AM5: 0 | AN5: 0 | AO5: 0 | AP5: 0 | AQ5: 0 | AR5: 0
A6: =ROW(Source!A29) -> 29 | B6: 86516535 | C6: 86516529 | D6: 30532994 | E6: 1 | F6: 1 | G6: 30515945 | H6: 3 | I6: 9749950000 | K6: Семена газонных трав | L6: 1346 | N6: 1009 | O6: кг | P6: кг | Q6: 1 | X6: 4 | Y6: 0 | Z6: 0 | AA6: 0 | AB6: 0 | AC6: 0 | AD6: 0 | AE6: 0 | AG6: 4 | AH6: 2 | AI6: 86516532 | AJ6: 6 | AK6: 0 | AL6: 0 | AM6: 0 | AN6: 0 | AO6: 0 | AP6: 0 | AQ6: 0 | AR6: 0
A7: =ROW(Source!A32) -> 32 | B7: 86516540 | C7: 86516537 | D7: 0 | E7: 1 | F7: 1 | G7: 30515945 | H7: 1 | I7: 1 | K7: Затраты труда рабочих среднего разряда 1 | L7: 1369 | N7: 1013 | O7: чел.-ч | P7: чел.-ч | Q7: 1 | X7: 80.971385 | Y7: 0 | Z7: 0 | AA7: 0 | AB7: 0 | AC7: 0 | AD7: 1 | AE7: 1 | AF7: *1,1*1,15 | AG7: 102.4288 | AH7: 2 | AI7: 86516538 | AJ7: 7 | AK7: 0 | AL7: 0 | AM7: 0 | AN7: 0 | AO7: 0 | AP7: 0 | AQ7: 0 | AR7: 0
A8: =ROW(Source!A32) -> 32 | B8: 86516541 | C8: 86516537 | D8: 30531738 | E8: 1 | F8: 1 | G8: 30515945 | H8: 3 | I8: 9797020000 | K8: Земля растительная | L8: 1339 | N8: 1007 | O8: м3 | P8: м3 | Q8: 1 | X8: 15 | Y8: 0 | Z8: 0 | AA8: 0 | AB8: 0 | AC8: 0 | AD8: 0 | AE8: 0 | AG8: 15 | AH8: 2 | AI8: 86516539 | AJ8: 8 | AK8: 0 | AL8: 0 | AM8: 0 | AN8: 0 | AO8: 0 | AP8: 0 | AQ8: 0 | AR8: 0
A9: =ROW(Source!A33) -> 33 | B9: 86516540 | C9: 86516537 | D9: 0 | E9: 1 | F9: 1 | G9: 30515945 | H9: 1 | I9: 1 | K9: Затраты труда рабочих среднего разряда 1 | L9: 1369 | N9: 1013 | O9: чел.-ч | P9: чел.-ч | Q9: 1 | X9: 80.971385 | Y9: 0 | Z9: 0 | AA9: 0 | AB9: 0 | AC9: 0 | AD9: 1 | AE9: 1 | AF9: *1,1*1,15 | AG9: 102.4288 | AH9: 2 | AI9: 86516538 | AJ9: 9 | AK9: 0 | AL9: 0 | AM9: 0 | AN9: 0 | AO9: 0 | AP9: 0 | AQ9: 0 | AR9: 0
A10: =ROW(Source!A33) -> 33 | B10: 86516541 | C10: 86516537 | D10: 30531738 | E10: 1 | F10: 1 | G10: 30515945 | H10: 3 | I10: 9797020000 | K10: Земля растительная | L10: 1339 | N10: 1007 | O10: м3 | P10: м3 | Q10: 1 | X10: 15 | Y10: 0 | Z10: 0 | AA10: 0 | AB10: 0 | AC10: 0 | AD10: 0 | AE10: 0 | AG10: 15 | AH10: 2 | AI10: 86516539 | AJ10: 10 | AK10: 0 | AL10: 0 | AM10: 0 | AN10: 0 | AO10: 0 | AP10: 0 | AQ10: 0 | AR10: 0
A11: =ROW(Source!A34) -> 34 | B11: 86516545 | C11: 86516542 | D11: 0 | E11: 1 | F11: 1 | G11: 30515945 | H11: 1 | I11: 1 | K11: Затраты труда рабочих среднего разряда 1 | L11: 1369 | N11: 1013 | O11: чел.-ч | P11: чел.-ч | Q11: 1 | X11: 11.072837 | Y11: 0 | Z11: 0 | AA11: 0 | AB11: 0 | AC11: 0 | AD11: 1 | AE11: 1 | AF11: *1,1*1,15 | AG11: 14.007139 | AH11: 2 | AI11: 86516543 | AJ11: 11 | AK11: 0 | AL11: 0 | AM11: 0 | AN11: 0 | AO11: 0 | AP11: 0 | AQ11: 0 | AR11: 0
A12: =ROW(Source!A34) -> 34 | B12: 86516546 | C12: 86516542 | D12: 30531738 | E12: 1 | F12: 1 | G12: 30515945 | H12: 3 | I12: 9797020000 | K12: Земля растительная | L12: 1339 | N12: 1007 | O12: м3 | P12: м3 | Q12: 1 | X12: 5 | Y12: 0 | Z12: 0 | AA12: 0 | AB12: 0 | AC12: 0 | AD12: 0 | AE12: 0 | AG12: 5 | AH12: 2 | AI12: 86516544 | AJ12: 12 | AK12: 0 | AL12: 0 | AM12: 0 | AN12: 0 | AO12: 0 | AP12: 0 | AQ12: 0 | AR12: 0
A13: =ROW(Source!A35) -> 35 | B13: 86516545 | C13: 86516542 | D13: 0 | E13: 1 | F13: 1 | G13: 30515945 | H13: 1 | I13: 1 | K13: Затраты труда рабочих среднего разряда 1 | L13: 1369 | N13: 1013 | O13: чел.-ч | P13: чел.-ч | Q13: 1 | X13: 11.072837 | Y13: 0 | Z13: 0 | AA13: 0 | AB13: 0 | AC13: 0 | AD13: 1 | AE13: 1 | AF13: *1,1*1,15 | AG13: 14.007139 | AH13: 2 | AI13: 86516543 | AJ13: 13 | AK13: 0 | AL13: 0 | AM13: 0 | AN13: 0 | AO13: 0 | AP13: 0 | AQ13: 0 | AR13: 0
A14: =ROW(Source!A35) -> 35 | B14: 86516546 | C14: 86516542 | D14: 30531738 | E14: 1 | F14: 1 | G14: 30515945 | H14: 3 | I14: 9797020000 | K14: Земля растительная | L14: 1339 | N14: 1007 | O14: м3 | P14: м3 | Q14: 1 | X14: 5 | Y14: 0 | Z14: 0 | AA14: 0 | AB14: 0 | AC14: 0 | AD14: 0 | AE14: 0 | AG14: 5 | AH14: 2 | AI14: 86516544 | AJ14: 14 | AK14: 0 | AL14: 0 | AM14: 0 | AN14: 0 | AO14: 0 | AP14: 0 | AQ14: 0 | AR14: 0

Sheet SrcPoprs

Sheet SrcKA
A1: 0 | B1: Smeta.RU (495) 974-1589 | D1: _PS_ | F1: 0 | G1: 0 | H1: 0 | I1: Smeta.RU | K1: 1 | L1: 76812 | M1: 10 | N1: 12 | O1: 2 | P1: 0 | Q1: 1
F12: =Source!F12 -> ЛС-07-01-01 | G12: =Source!G12 -> Благоустройство и озеленение: восстановление газона | AJ12: 0 | CY12: 0
